Cogmind - Beta 17.1 @@@ ROGUE MODE // 2026.09.18 @ 17:45:29 Player: fai Result: Destroyed by B-99 Colossus with Multirail Performance ------------- Evolutions (9) 4500 Regions Visited (25) 5000 Robots Destroyed (387) 1935 Value Destroyed (24035) 24035 Prototype IDs (67) 1340 Alien Tech Used (1) 200 Bonus (35547) 35547 TOTAL SCORE: 72557 Bonus ------- High Alert Combat Kills 2899 Follower Combat Kills 9263 Prayed to X0-1V1 5000 Major X0-1V1 Interference 10950 Entered Garrisons 1400 Used RIF Installer 4000 Built Enhanced Grunts 300 Met R17 at Research 2000 Scanned by Researcher 500 Friendly Fire -765 Cogmind --------- Core Integrity 0/1420 Matter 150/150 Energy 452/900 System Corruption 3% Temperature Cool (0) Movement Core (50) Location -1/Access Parts ------- > --- POWER (3) -------- (None) > --- PROPULSION (6) --- (None) > --- UTILITY (13) ----- Experimental Optical Array Advanced System Shield Relay Coupler [Specialist] (73) > --- WEAPON (4) ------- (None) > --- INVENTORY (5) ---- Advanced Remote Force Field Advanced Remote Force Field Peak State ------------ > --- POWER ------------ Singularity Reactor > --- PROPULSION ------- Flexi-carbon Leg Medium Armored Exoskeleton Wheel Centrium Wheel > --- UTILITY ---------- High-capacity Storage Unit Quantum Shading Machine Experimental Optical Array Experimental Core Analyzer Advanced Remote Force Field Relay Coupler [NC] Relay Coupler [Grunt] Relay Coupler [Specialist] Relay Coupler [Hunter] Relay Coupler [Proto] X0-1V1's Piety Tracker > --- WEAPON ----------- Precision Phase Gun Nova Cannon Cooled Nova Cannon Advanced Remote Datajack > --- INVENTORY -------- Experimental Heat Sink Experimental Energy Well Experimental Targeting Computer Advanced Weapon Cycler Advanced Powered Armor Medium Regenerative Plating Graphene Brace Relay Coupler [Specialist] Relay Coupler [Specialist] Relay Coupler [Specialist] Relay Coupler [Heavy] Relay Coupler [Heavy] Improved Potential Cannon Improved Potential Cannon Fusion Bomb Launcher Advanced Remote Datajack [Rating: 185] Favorites ----------- Power Compact Particle Reactor Engine Light Deuterium Engine Power Core Light Nuclear Core Reactor Compact Particle Reactor Propulsion Centrium Wheel Treads Enhanced Armored Medium Treads Leg Centrium Leg Wheel Centrium Wheel Hover Unit Improved Gyrokinetic Inverter Utility High-capacity Storage Unit Device X0-1V1's Piety Tracker Storage High-capacity Storage Unit Processor Spectral Analyzer Hackware Relay Coupler [Specialist] Protection Medium Regenerative Plating Artifact Phase Redirector Weapon Remote Datajack Energy Gun Gatling Laser Energy Cannon Long-range Phase Cannon Ballistic Gun High-powered Shotgun Ballistic Cannon Linear Accelerator Launcher Missile Launcher Special Weapon Remote Datajack Slashing Weapon Katana Piercing Weapon Kinetic Spear Special Melee Weapon Datajack Build | -11 -10 -9 -8 -8 -8 -8 -8 -8 -7 -7 -6 -6 -5 -5 -4 -4 -4 -4 -4 -4 -3 -3 -2 -2 -1 ------- Run | Yrd Mat Mat Mat Gar Mat Gar Mat Gar Fac Gar Fac Gar Fac Gar Fac Ext Cet Arc Hub Gar Res Tes Res Qua Acc Slots Evolved 18 | . . 2 2 . . . . . 2 . 2 . 2 . 2 . . . . . 2 . 2 . 2 Power 2 | . . . . . . . . . . . . . . . . . . . . . 2 . . . . Propulsion 3 | . . 1 . . . . . . . . 1 . 1 . . . . . . . . . . . . Utility 10 | . . 1 . . . . . . 2 . 1 . 1 . 2 . . . . . . . 1 . 2 Weapon 3 | . . . 2 . . . . . . . . . . . . . . . . . . . 1 . . Parts Attached 307 | 7 13 14 4 25 8 29 7 18 6 17 22 4 6 15 6 3 7 . 1 26 9 12 22 6 20 Power 29 | 1 3 3 . 2 . 2 . 1 . 2 1 . . . . . 1 . . 5 1 . 4 . 3 Engine 8 | 1 2 3 . 1 . . . 1 . . . . . . . . . . . . . . . . . Core 8 | . 1 . . 1 . 2 . . . 2 . . . . . . . . . 2 . . . . . Reactor 13 | . . . . . . . . . . . 1 . . . . . 1 . . 3 1 . 4 . 3 Propulsion 69 | 2 3 5 1 8 3 7 4 1 . 1 4 . 1 4 . 2 1 . . 3 3 2 9 1 4 Treads 6 | . . 1 . 1 . . . . . . 1 . . . . . . . . . . . . . 3 Leg 20 | . . . . 3 . 5 . . . . 1 . . 4 . . . . . 2 1 1 3 . . Wheel 42 | 2 3 4 1 4 3 2 4 1 . 1 2 . 1 . . 2 1 . . 1 2 1 6 . 1 Hover 1 | . . . . . . . . . . . . . . . . . . . . . . . . 1 . Flight . | . . . . . . . . . . . . . . . . . . . . . . . . . . Utility 140 | 1 4 3 1 8 3 16 3 10 6 11 11 2 3 9 5 1 5 . 1 14 5 5 4 2 7 Device 42 | . 3 2 1 3 . 4 1 1 2 1 4 . 1 1 3 . 1 . 1 4 3 2 1 . 3 Storage 6 | 1 1 . . 1 . . . 1 . . . . . . . . . . . . . . 1 1 . Processor 8 | . . 1 . . . . . . 1 . 2 . . . . . . . . . 2 . . . 2 Hackware 76 | . . . . 1 3 12 2 8 2 10 5 2 1 8 2 1 4 . . 8 . 3 2 . 2 Protection 7 | . . . . 3 . . . . 1 . . . 1 . . . . . . 2 . . . . . Artifact 1 | . . . . . . . . . . . . . . . . . . . . . . . . 1 . Weapon 69 | 3 3 3 2 7 2 4 . 6 . 3 6 2 2 2 1 . . . . 4 . 5 5 3 6 Energy Gun 19 | 2 . 2 . . . 3 . 3 . 1 . . . . . . . . . 2 . 1 1 . 4 Energy Cannon 10 | . . . . . . . . . . . 1 1 . . 1 . . . . . . 2 3 1 1 Ballistic Gun 8 | 1 1 . 2 3 . . . 1 . . . . . . . . . . . . . . . . . Ballistic Cannon 7 | . 2 1 . . . . . . . . 2 . . . . . . . . 2 . . . . . Launcher 5 | . . . . 1 . . . 1 . . . . . 1 . . . . . . . . . 2 . Special Weapon 12 | . . . . 1 1 1 . 1 . 2 . . 2 1 . . . . . . . 1 1 . 1 Impact Weapon . | . . . . . . . . . . . . . . . . . . . . . . . . . . Slashing Weapon 4 | . . . . 1 1 . . . . . 2 . . . . . . . . . . . . . . Piercing Weapon 2 | . . . . . . . . . . . . 1 . . . . . . . . . 1 . . . Special Melee Weapon 2 | . . . . 1 . . . . . . 1 . . . . . . . . . . . . . . Unidentified Prototypes 26 | . 1 2 . . . . . . 1 . 9 1 . 2 . . . . . 3 4 2 . 1 . Parts Lost 103 | . 3 4 . 10 3 9 1 1 1 3 5 1 . . 1 1 . . . 6 1 1 22 8 22 Power 13 | . 1 1 . . . 1 . . . 1 1 . . . . . . . . 1 . . 4 1 2 Propulsion 32 | . 1 . . 5 1 4 . 1 . 1 1 . . . . 1 . . . 1 1 1 8 1 5 Utility 27 | . 1 2 . 3 . 1 . . 1 . 1 . . . . . . . . 3 . . 3 3 9 Weapon 31 | . . 1 . 2 2 3 1 . . 1 2 1 . . 1 . . . . 1 . . 7 3 6 Highest Loss Streak 12 | . 2 1 . 2 3 8 1 1 1 2 5 1 . . 1 1 . . . 4 1 1 6 7 12 To Critical Strikes . | . . . . . . . . . . . . . . . . . . . . . . . . . . Average Backups 16 | 2 7 12 14 14 16 14 16 17 15 19 18 18 18 19 18 17 14 17 17 18 19 19 14 10 3 Power . | . . . . . . . . . . . . . . . . . . . . . . . . . . Propulsion 1 | 1 2 2 2 . 1 1 1 2 . 1 1 2 2 2 3 3 2 3 3 1 1 . . . . Utility 10 | . 1 2 3 9 12 12 14 12 11 14 12 9 8 11 11 10 7 10 10 12 13 14 10 8 1 Weapon 2 | . 2 5 7 3 1 1 1 . 1 1 2 4 4 3 2 1 1 2 2 2 2 2 3 2 1 Tool/Special . | . . . . . . . . . . . . . . . . . . . . . . . . . . Unused Backups 68 | . 1 3 . 6 . 2 . 7 . 4 7 . 3 4 . . . . . 9 2 12 . 6 2 Power 4 | . . 1 . . . . . . . . . . . . . . . . . 1 . 1 . . 1 Propulsion 13 | . . . . . . 1 . 3 . . 2 . 1 1 . . . . . 5 . . . . . Utility 33 | . . . . 3 . 1 . 3 . 4 . . . 3 . . . . . 2 2 8 . 6 1 Weapon 16 | . 1 2 . 3 . . . . . . 5 . 2 . . . . . . 1 . 2 . . . Tool/Special 2 | . . . . . . . . 1 . . . . . . . . . . . . . 1 . . . Average Slot Usage (%) 89 | . 97 97 99 97 91 93 99 94 88 91 90 84 93 93 88 97 100 100 100 99 81 79 81 55 58 Engine 2 | . 13 9 8 8 8 1 . 7 7 . . . . . . . . . . . . . . . . Core 1 | . . 1 . . . 5 8 . . 6 5 . . . . . . . . . . . . . . Reactor 2 | . . . . . . . . . . . . 5 5 5 4 5 5 5 5 4 3 4 4 3 4 Leg 5 | . . . . 4 . 9 7 2 . . . . . 9 19 17 15 15 15 14 4 4 5 3 . Wheel 13 | . 27 30 25 16 16 13 17 17 14 14 16 10 15 9 . 5 13 15 15 14 12 11 10 . . Device 6 | . 11 10 13 10 7 4 . 3 1 . 1 . 1 2 2 9 5 10 10 12 8 5 10 6 3 Storage 6 | . 14 11 8 8 8 8 8 8 7 7 6 5 5 5 4 5 5 5 5 5 4 4 4 7 2 Processor 4 | . . 9 8 8 . . . . 4 1 1 5 5 5 4 5 5 5 5 . . 9 8 8 10 Hackware 21 | . . . . . 16 16 23 20 23 31 32 27 27 30 27 25 32 30 30 26 27 25 18 19 15 Protection 1 | . . . . 4 . 1 . . 1 1 . . 3 . 4 5 2 . . 4 3 . 2 . . Energy Gun 4 | . 2 1 16 2 . 9 15 14 14 14 10 . . . 1 . . . . 2 . 2 3 . 6 Energy Cannon 3 | . . . . . . . . . . . . 5 11 11 9 9 10 10 10 1 . 5 7 1 . Ballistic Gun 2 | . 9 . 16 22 16 3 . . . . . . . . . . . . . . . . . . . Ballistic Cannon 2 | . 15 20 . . . . . . . . 1 4 . . . . . . . 4 9 . . . . Special Weapon 4 | . . . . 2 8 7 8 7 7 6 6 5 4 4 4 5 5 5 5 4 3 3 3 . . Slashing Weapon 3 | . . . . 3 8 8 8 8 7 7 5 5 4 4 4 5 1 . . 1 . . . . . Peak Build Rating 185 | 6 25 32 39 53 54 55 54 58 69 63 96 106 113 127 151 144 142 142 142 146 156 165 185 128 159 Average Rating 96 | 5 9 25 37 41 51 44 41 50 50 53 70 96 105 115 135 139 139 142 141 138 146 151 170 98 114 On Entrance 83 | . 6 25 32 39 52 37 54 44 50 49 54 93 95 113 124 143 138 142 142 142 137 148 165 93 54 Avg Prop Armor Cover (%) 11 | . . 10 . 8 . 10 12 4 . . 11 11 8 8 . 12 13 15 15 10 9 13 13 12 28 Naked Turns . | . . . . . . . . . . . . . . . . . . . . . . . . . . Heaviest Build 145 | 12 34 37 44 69 61 63 70 68 62 61 75 89 92 85 103 95 100 90 94 99 144 138 145 71 69 Greatest Support 150 | 20 26 42 42 42 38 30 36 38 38 38 54 44 56 150 150 150 44 44 44 88 48 46 134 28 90 Greatest Overweight (x) 6 | 1 1 1 1 5 2 5 6 2 1 1 2 2 2 2 . 2 3 2 2 2 4 5 4 5 4 Average Overweight (x) 1 | . . . 1 2 1 2 1 1 1 1 1 1 1 . . 1 2 2 2 1 2 3 2 2 . Largest Inventory Capacity 20 | 8 15 15 15 20 20 20 20 20 20 20 20 20 20 20 20 20 20 20 20 20 20 20 20 20 5 Average Capacity 18 | 7 12 15 15 15 20 20 20 20 20 20 20 20 20 20 20 20 20 20 20 20 20 20 20 18 5 Most Carried 20 | 4 14 15 15 18 20 20 20 20 20 20 20 19 20 20 20 19 17 17 18 20 20 20 19 15 5 Average Carried 17 | 2 8 12 14 14 17 16 18 19 15 19 18 18 18 19 18 17 14 17 17 18 19 19 16 12 4 Final Capacity 20 | 8 15 15 15 20 20 20 20 20 20 20 20 20 20 20 20 20 20 20 20 20 20 20 20 5 5 Final Carried 20 | 4 13 15 15 18 15 18 18 20 18 20 19 18 20 20 18 16 17 17 18 20 20 20 12 5 2 Class Distribution -------------------- 25% | Botlord-Gunner 13% | Bothacker-Gunner 12% | Botlord-Skirmisher 10% | Botlord-Tank 8% | Mutant 7% | Commander-Skirmisher 3% | Commander-Gunner 3% | Botlord-Mutant Dominant Class ---------------- Mutant | -10/Materials Mutant | -9/Materials Gunner | -8/Materials Scavenger-Gunner | -8/Garrison Bothacker-Gunner | -8/Materials Bothacker-Gunner | -8/Garrison Bothacker-Gunner | -8/Materials Bothacker-Gunner | -8/Garrison Botlord-Gunner | -7/Factory Botlord-Gunner | -7/Garrison Botlord-Gunner | -6/Factory Botlord-Skirmisher | -6/Garrison Botlord-Skirmisher | -5/Factory Botlord-Skirmisher | -5/Garrison Botlord-Skirmisher | -4/Factory Botlord-Tank | -4/Extension Commander-Skirmisher | -4/Cetus Commander-Skirmisher | -4/Archives Commander-Skirmisher | -4/Hub_04(d) Botlord-Gunner | -4/Garrison Botlord-Tank | -3/Research Botlord-Gunner | -3/Testing Botlord-Gunner | -2/Research Scavenger-Mutant | -2/Quarantine Hacker-Mutant | -1/Access Resources | -11 -10 -9 -8 -8 -8 -8 -8 -8 -7 -7 -6 -6 -5 -5 -4 -4 -4 -4 -4 -4 -3 -3 -2 -2 -1 ----------- Run | Yrd Mat Mat Mat Gar Mat Gar Mat Gar Fac Gar Fac Gar Fac Gar Fac Ext Cet Arc Hub Gar Res Tes Res Qua Acc Matter Collected 12274 | 229 446 778 213 1259 333 696 157 549 84 430 771 549 745 512 347 610 336 . 69 910 1243 341 436 150 81 Remotely . | . . . . . . . . . . . . . . . . . . . . . . . . . . Salvage Created 16999 | 142 641 1109 348 1215 229 566 210 924 411 576 111 454 656 774 341 376 224 . 100 622 413 2502 2738 83 1234 Parts 819 | 9 32 57 21 61 17 24 14 39 18 34 9 11 37 39 18 18 12 . 6 27 18 109 124 1 64 Haulers Intercepted 5 | . 1 3 . . . . . . . . . . . . . . . . . . . . . . 1 Recyclers Shooed 10 | . . 2 . . 2 . 1 . . . . . 1 . . . . . . . . . 3 . 1 Parts Field Recycled . | . . . . . . . . . . . . . . . . . . . . . . . . . . Retrieved Matter . | . . . . . . . . . . . . . . . . . . . . . . . . . . Parts Self-Destructed . | . . . . . . . . . . . . . . . . . . . . . . . . . . Prevented . | . . . . . . . . . . . . . . . . . . . . . . . . . . Parts Restored . | . . . . . . . . . . . . . . . . . . . . . . . . . . Kills | -11 -10 -9 -8 -8 -8 -8 -8 -8 -7 -7 -6 -6 -5 -5 -4 -4 -4 -4 -4 -4 -3 -3 -2 -2 -1 ------- Run | Yrd Mat Mat Mat Gar Mat Gar Mat Gar Fac Gar Fac Gar Fac Gar Fac Ext Cet Arc Hub Gar Res Tes Res Qua Acc Combat Hostiles Destroyed 284 | . 13 25 5 25 6 14 3 18 6 15 4 12 14 14 6 5 3 . 1 10 8 32 32 2 11 Melee 5 | . . . . . . 3 . . . . . . . 1 1 . . . . . . . . . . Guns 102 | . 7 . 3 23 6 11 3 13 5 14 4 . . . . . . . . . . 6 6 . 1 Cannons 118 | . 5 24 . . . . . . . . . 4 7 6 5 2 2 . 1 7 8 23 21 1 2 AOE 47 | . 1 . 2 2 . . . 5 . . . 7 7 7 . 2 . . . 3 . . 2 1 8 Classes Destroyed 23 | 2 7 2 . 4 . . . 1 . . . 1 3 . . . . . . . . 2 . . 1 Worker 29 | . 2 . 1 . 5 . 1 . . . . . 2 . . . . . . . 1 . 7 . 10 Builder 27 | . 1 4 1 . 1 . . . 1 . . . 1 . 1 . . . . . 1 1 5 . 10 Tunneler 4 | 3 . . . . . . 1 . . . . . . . . . . . . . . . . . . Hauler 5 | . 1 3 . . . . . . . . . . . . . . . . . . . . . . 1 Recycler 19 | 1 1 4 . . . . 1 . 1 . . . 1 . . 1 . . . . . 1 4 . 4 Operator 5 | . 2 1 1 . . . . . . . . . . . . . . . . 1 . . . . . Watcher 8 | . 1 1 1 . . . . . . . . . 1 . 1 . . . . . . 1 . . 2 Swarmer 56 | . 3 7 . 3 5 3 . 7 . 7 3 4 4 . 2 2 . . . 3 . . 1 . 2 Cutter 5 | . . . . 2 . . . . . . . . . . . . . . . . . . 3 . . Saboteur 1 | . . . . . . . . . . . . . 1 . . . . . . . . . . . . Grunt 99 | . 10 11 3 7 1 6 3 7 2 4 . 6 3 10 . 1 . . . 7 . 12 3 . 3 Brawler 7 | . . 1 . 3 . . . . 1 . . . . . . . . . . 1 . . 1 . . Duelist 3 | . . . . 1 . . . 1 . . . . . 1 . . . . . . . . . . . Sentry 29 | . . 6 2 5 . 1 . 1 2 2 . 1 1 . 1 . . . . . 2 4 1 . . Demolisher 1 | . . . . . . . . . . . . . 1 . . . . . . . . . . . . Specialist 3 | . . . . 1 . 1 . 1 . . . . . . . . . . . . . . . . . Hunter 20 | . . . . . . . . 1 . . . 1 . . 1 1 . . . . 4 3 7 2 . Programmer 51 | . . . . 3 . 3 . 1 1 4 1 . 3 2 2 . . . . . 2 11 14 . 4 Heavy 4 | . . . . . . . . . . . . . 1 1 . . . . 1 . . . 1 . . Q-Series 2 | . . . . . . . . . . . . . . . . . . . . . . . . . 2 Behemoth 3 | . . . . . . . . . . . . 1 . . . 1 . . . . . . 1 . . Cetus Guard 3 | . . . . . . . . . . . . . . . . . 3 . . . . . . . . Striker 1 | . . . . . . . . . . . . . . . . . . . . . . 1 . . . Alpha 7 1 | . . . . . . . . . . . . . . . . . . . . . . 1 . . . Infiltrator 1 | . . . . . . . . . . . . . 1 . . . . . . . . . . . . Best Kill Streak 26 | 3 4 15 3 6 4 3 3 5 6 4 3 4 4 6 3 3 3 . 1 6 5 5 10 1 26 Combat Bots Only 7 | . 3 5 3 6 2 3 2 5 3 4 3 4 4 6 3 2 3 . 1 6 3 5 7 1 7 Max Kills in Single Turn 10 | 1 4 1 2 2 2 1 2 5 1 1 2 3 2 2 1 2 1 . 1 2 1 2 4 1 10 Gunslinging 1 | . . . . 1 . . . 1 . . 1 . . . . . . . . . . . . . . Exploded 5 | . 1 . 2 2 . . . 5 . . . 2 2 2 . 2 . . . 2 . . 1 1 2 Melee 1 | . . . . . . 1 . . . . . . . 1 1 . . . . . . . . . . Uniques/NPCs Destroyed . | . . . . . . . . . . . . . . . . . . . . . . . . . . Combat | -11 -10 -9 -8 -8 -8 -8 -8 -8 -7 -7 -6 -6 -5 -5 -4 -4 -4 -4 -4 -4 -3 -3 -2 -2 -1 -------- Run | Yrd Mat Mat Mat Gar Mat Gar Mat Gar Fac Gar Fac Gar Fac Gar Fac Ext Cet Arc Hub Gar Res Tes Res Qua Acc Hostile Shots Fired 1646 | . 67 91 23 104 14 102 14 40 18 67 35 49 35 44 49 48 6 . 5 69 99 153 223 119 172 Missed 524 | . 16 24 12 29 7 27 3 13 8 17 11 13 8 13 19 18 2 . 4 26 38 43 66 45 62 Hits 1122 | . 51 67 11 75 7 75 11 27 10 50 24 36 27 31 30 30 4 . 1 43 61 110 157 74 110 Melee 12 | . . . . 2 . . . . . . . . . . . . . . . . . . 3 . 7 Projectile 1110 | . 51 67 11 73 7 75 11 27 10 50 24 36 27 31 30 30 4 . 1 43 61 110 154 74 103 AOE 9 | . . . . 2 . . . . . . 1 . 1 . . . . . . . . . 3 . 2 Critical Strikes 55 | . 2 . . 2 . 5 2 1 . 2 . . . . . . 1 . . 5 2 11 12 2 8 Actively Blocked 10 | . . . . . . . . . . . . . . . . . . . . 2 . . 8 . . Damage Taken 22078 | . 604 699 157 1233 266 1163 172 490 110 622 509 399 685 669 722 775 134 . 24 1369 704 1281 4447 1571 3273 Core 4517 | . 145 59 17 263 40 212 . 84 10 135 99 60 53 68 37 86 . . . 220 88 179 378 864 1420 Absorbed by Shields 2780 | . . . . 110 . . . 4 . . 48 317 199 7 . . 24 . . 6 631 1197 225 . 12 Ignored by Resistances 146 | . . . . . . . . . . . . 24 . . . . . . . . 60 . 62 . . Regen/Repaired (Parts) 2120 | . . . . . 43 . . 222 53 273 108 40 212 . 83 170 165 . . 202 141 46 362 . . Core Remaining (%) 69 | 100 42 91 . . . . . 30 . 97 . 76 . 85 . . . . . 93 . 76 . 2 . Volleys Fired 1341 | 20 55 70 21 66 37 72 23 73 18 51 44 59 41 75 77 74 26 6 24 85 34 114 131 18 27 Largest 4 | 1 2 2 4 3 2 2 2 2 2 2 2 2 3 3 2 2 2 1 2 2 2 2 3 1 4 Hottest 270 | 20 80 66 156 101 50 134 132 160 160 160 160 210 246 246 210 225 225 120 225 225 108 207 270 200 260 Shots Fired 2053 | 20 110 140 54 159 59 92 36 94 29 73 55 78 60 98 86 84 34 6 25 114 64 194 223 18 48 Gun 755 | 20 86 . 54 158 43 51 28 45 22 45 16 . . . . . . . . 17 . 63 75 . 32 Cannon 838 | . 24 140 . . . . . . . . 6 53 40 61 44 25 29 4 17 61 59 109 135 15 16 Launcher 44 | . . . . 1 . . . 3 . 2 . 10 8 9 . 3 . . . 2 2 . 1 3 . Special 416 | . . . . . 16 41 8 46 7 26 33 15 12 28 42 56 5 2 8 34 3 22 12 . . Kinetic 597 | 20 88 140 30 157 43 17 . 2 . . 6 23 . . . . . . . 12 59 . . . . Thermal 917 | . . . . . . 34 28 43 22 45 16 30 40 61 44 25 29 4 17 66 . 172 210 15 16 Explosive 44 | . . . . 1 . . . 3 . 2 . 10 8 9 . 3 . . . 2 2 . 1 3 . Electromagnetic 79 | . 22 . 24 1 . . . . . . . . . . . . . . . . . . . . 32 Robot Hit Streak 43 | 3 11 16 16 21 6 15 18 33 43 26 27 13 11 13 22 41 9 11 20 11 12 30 40 7 16 Robot Miss Streak 5 | 2 5 4 2 5 4 2 1 4 2 4 4 1 3 3 2 1 2 . . 4 2 2 4 2 2 Penetration Max 1 | . . . . 1 . 1 . . . . . . . . . . . . . . . . . . . Secondary Targets 13 | . . . 1 8 . . . 2 . 1 1 . . . . . . . . . . . . . . Max Gunslinging Chain 1 | . . . 1 1 . . . 1 . 1 1 . . . . . . . . . . . . . . Shots Hit Robots 1592 | 11 61 98 43 176 44 86 30 123 22 58 50 50 39 66 49 79 19 2 9 78 41 162 157 9 30 Core Hits 666 | 4 25 40 16 68 19 25 9 50 14 39 14 33 33 26 8 9 6 . 1 27 17 68 67 5 43 Critical Kills 9 | . . . . . . . . . . . . 1 . . . 1 1 . . . . 3 3 . . Critical Parts Destroyed 5 | . . . . 4 . 1 . . . . . . . . . . . . . . . . . . . Critical Strikes 42 | . 2 6 . 4 . 2 . . . . . 2 . 1 . 1 1 . . 1 5 7 10 . . Burn 12 | . . . . . . 1 . . . . . . . . . . . . . . . 4 7 . . Meltdown 9 | . . . . . . . . . . . . 1 . . . 1 1 . . . . 3 3 . . Destroy 5 | . . . . 4 . 1 . . . . . . . . . . . . . . . . . . . Blast 15 | . 2 6 . . . . . . . . . 1 . . . . . . . 1 5 . . . . Sever 1 | . . . . . . . . . . . . . . 1 . . . . . . . . . . . Melee Attacks 226 | . . . . 64 1 42 . 59 . 34 2 4 1 8 1 6 . . . 3 . 1 . . . Impact . | . . . . . . . . . . . . . . . . . . . . . . . . . . Slashing 200 | . . . . 39 1 42 . 59 . 34 2 4 1 8 1 6 . . . 3 . . . . . Piercing 1 | . . . . . . . . . . . . . . . . . . . . . . 1 . . . Sneak Attacks 31 | . . . . 25 1 2 . . . . . . 1 . . 2 . . . . . . . . . Combat Hostiles . | . . . . . . . . . . . . . . . . . . . . . . . . . . Follow-up Attacks . | . . . . . . . . . . . . . . . . . . . . . . . . . . Damage Inflicted 51271 | 151 1342 2203 936 3960 560 1419 422 3166 370 886 535 2581 2342 2552 1050 1573 595 . 76 2752 1596 5326 7993 1050 5835 Guns 12638 | 151 583 . 723 2354 497 848 422 942 370 886 403 . . . . . . . . 339 . 1747 1961 . 412 Cannons 21347 | . 319 2203 . . . . . . . . 132 1284 810 1181 1005 787 595 . 76 1503 1529 3579 4825 468 1051 Explosions 12567 | . 440 . 213 127 . . . 290 . . . 1256 1454 1225 . 488 . . . 865 67 . 1188 582 4372 Melee 4695 | . . . . 1479 63 571 . 1934 . . . 41 73 146 45 298 . . . 45 . . . . . Ramming 24 | . . . . . . . . . . . . . 5 . . . . . . . . . 19 . . Kinetic 9273 | 151 693 2203 359 2334 497 363 . 24 . . 132 694 . . . . . . . 294 1529 . . . . Thermal 28180 | . 440 . 213 . . 485 422 918 370 886 403 590 1352 1181 597 787 595 . 76 1548 . 5326 7509 687 3795 Explosive 7686 | . . . . 127 . . . 290 . . . 1256 912 1225 . 488 . . . 865 67 . 465 363 1628 Electromagnetic 1005 | . 209 . 364 20 . . . . . . . . . . . . . . . . . . . . 412 Impact . | . . . . . . . . . . . . . . . . . . . . . . . . . . Slashing 4695 | . . . . 1479 63 571 . 1934 . . . 41 73 146 45 298 . . . 45 . . . . . Piercing . | . . . . . . . . . . . . . . . . . . . . . . . . . . Entropic 408 | . . . . . . . . . . . . . . . 408 . . . . . . . . . . Highest Corruption 28 | . . . . 8 8 28 . 1 . 1 2 3 1 4 1 1 1 1 1 4 2 10 15 15 3 Average Corruption 4 | . . . . 6 8 8 . 1 . 1 1 3 1 1 1 1 1 1 1 3 1 6 8 15 3 Corruption Purged . | . . . . . . . . . . . . . . . . . . . . . . . . . . Corruption Blocked . | . . . . . . . . . . . . . . . . . . . . . . . . . . Effects 204 | . . . . 33 6 10 . 7 . . . 2 2 8 1 5 4 . 4 25 13 28 34 22 . Message Errors 53 | . . . . 12 1 2 . 4 . . . . 1 3 . 2 1 . 1 6 1 5 7 7 . Matter Fused 46 | . . . . 6 . 1 . 1 . . . . . 2 1 3 1 . 2 5 6 9 3 6 . Heat Flow Errors 21 | . . . . 3 1 3 . 1 . . . . 1 . . . . . . 2 1 3 6 . . Energy Discharges 21 | . . . . 2 1 1 . . . . . . . . . . 1 . 1 6 . 2 5 2 . Parts Rejected 3 | . . . . 1 . . . . . . . . . . . . . . . 1 1 . . . . Data Loss (minor) 24 | . . . . 3 2 1 . 1 . . . 1 . 2 . . . . . 1 2 2 5 4 . Data Loss (major) 13 | . . . . 2 . 2 . . . . . 1 . 1 . . . . . 2 . 2 3 . . Misfires 10 | . . . . 3 1 . . . . . . . . . . . 1 . . . 2 2 . 1 . Alerts 2 | . . . . . . . . . . . . . . . . . . . . . . . 2 . . Misdirections 3 | . . . . . . . . . . . . . . . . . . . . . . . 2 1 . Weapon Failures 8 | . . . . 1 . . . . . . . . . . . . . . . 2 . 3 1 1 . Overload Shots 3 | . . . . . . . . . . . . . . . . . . . . . . . 3 . . Overflow Damage 3256 | . 162 33 . 78 23 131 . 64 . . . 77 142 76 380 49 . . . 38 37 11 747 185 1023 Projectiles 1417 | . 13 33 . . . . . . . . . 37 14 20 380 . . . . . 37 11 576 46 250 Explosions 1485 | . 149 . . 30 . . . . . . . 40 95 39 . 11 . . . 38 . . 171 139 773 Melee 354 | . . . . 48 23 131 . 64 . . . . 33 17 . 38 . . . . . . . . . Knockbacks 39 | . 1 21 . . . . . . . . 3 5 . . . . . . . . 9 . . . . Impact . | . . . . . . . . . . . . . . . . . . . . . . . . . . Kinetic 38 | . 1 21 . . . . . . . . 3 5 . . . . . . . . 8 . . . . Secondary 1 | . . . . . . . . . . . . . . . . . . . . . 1 . . . . Self-Inflicted Damage 884 | . 30 . . 100 . . . . . . . 55 77 . . 42 . . . 115 113 . 9 110 233 Shots 15 | . 1 . . 1 . . . . . . . 1 1 . . 1 . . . 3 2 . . 2 3 Rammed 2 | . . . . . . . . . . . . . 1 . . . . . . . . . 1 . . Targets Rammed 2 | . . . . . . . . . . . . . 1 . . . . . . . . . 1 . . Kicked . | . . . . . . . . . . . . . . . . . . . . . . . . . . Crushed . | . . . . . . . . . . . . . . . . . . . . . . . . . . Highest Temperature 571 | . 234 42 242 170 144 347 406 377 169 310 353 294 532 351 369 266 345 189 183 571 147 344 428 32 434 Average Temperature 105 | . 68 14 122 31 96 117 146 147 63 108 77 83 141 118 124 112 123 92 55 138 48 108 93 24 111 Received Heat Transfer 2465 | . 279 177 45 317 . 270 117 114 33 102 12 75 82 126 9 114 . . . 195 16 112 243 . 27 Effects 29 | . . . . . . 2 3 1 . . . . 7 4 1 . 3 . . 4 . 3 1 . . Shutdowns 2 | . . . . . . 1 . . . . . . 1 . . . . . . . . . . . . Energy Bleed 6 | . . . . . . . . . . . . . 1 1 . . . . . 1 . 2 1 . . Interference 13 | . . . . . . . 2 . . . . . 2 3 1 . 2 . . 2 . 1 . . . Matter Decay 2 | . . . . . . . . . . . . . 1 . . . . . . 1 . . . . . Short Circuit 2 | . . . . . . . 1 . . . . . . . . . 1 . . . . . . . . Damage (minor) 4 | . . . . . . 1 . 1 . . . . 2 . . . . . . . . . . . . Siege Activations . | . . . . . . . . . . . . . . . . . . . . . . . . . . Martial Activations . | . . . . . . . . . . . . . . . . . . . . . . . . . . Shielding Activations . | . . . . . . . . . . . . . . . . . . . . . . . . . . Robots Disrupted 2 | . . . . . . . . . . . . . . . . . . . . . . . . . 2 Combat Hostiles 1 | . . . . . . . . . . . . . . . . . . . . . . . . . 1 Robots Corrupted 1 | . 1 . . . . . . . . . . . . . . . . . . . . . . . . Combat Hostiles . | . . . . . . . . . . . . . . . . . . . . . . . . . . Parts Fried 6 | . . . 5 . . . . . . . . . . . . . 1 . . . . . . . . Impact Corruptions 1 | . . . . . . . . . . . . . . . . . . . . . 1 . . . . Robots Melted 11 | . . . . . . . . . 1 1 . 1 . . . 1 1 . . . . 3 3 . . Combat Hostiles 11 | . . . . . . . . . 1 1 . 1 . . . 1 1 . . . . 3 3 . . Parts Melted 85 | . . . . . . 4 . 1 5 11 3 2 1 1 . . . . 2 1 . 19 32 . 3 Heat Transferred 30894 | . 350 . 200 . . 1147 888 1998 850 1912 925 592 1214 1147 555 740 536 . 74 1747 . 5661 6953 488 2917 Parts Sabotaged . | . . . . . . . . . . . . . . . . . . . . . . . . . . Parts Stolen . | . . . . . . . . . . . . . . . . . . . . . . . . . . Parts Stripped . | . . . . . . . . . . . . . . . . . . . . . . . . . . Power Chain Reactions 5 | . 2 . 2 . . . . . . . . . . . . . . . . . . . . . 1 Alert | -11 -10 -9 -8 -8 -8 -8 -8 -8 -7 -7 -6 -6 -5 -5 -4 -4 -4 -4 -4 -4 -3 -3 -2 -2 -1 ------- Run | Yrd Mat Mat Mat Gar Mat Gar Mat Gar Fac Gar Fac Gar Fac Gar Fac Ext Cet Arc Hub Gar Res Tes Res Qua Acc Maximum Alert Level 5 | . . 2 1 4 2 3 2 4 3 4 3 4 5 4 3 2 1 . . 2 1 . 1 . 1 Low Security (%) 37 | 100 100 16 73 5 . . . . . . . . . . 57 64 97 100 100 10 71 100 77 100 75 Level 1 14 | . . 62 26 11 . 8 . 3 . . 2 . . . 12 21 2 . . 75 28 . 22 . 24 Level 2 16 | . . 20 . 38 100 51 100 22 . 1 64 35 . . 4 14 . . . 14 . . . . . Level 3 16 | . . . . 41 . 39 . 49 100 32 33 7 37 . 25 . . . . . . . . . . Level 4 13 | . . . . 3 . . . 25 . 65 . 56 36 100 . . . . . . . . . . . Level 5 1 | . . . . . . . . . . . . . 26 . . . . . . . . . . . . High Security . | . . . . . . . . . . . . . . . . . . . . . . . . . . Max Security . | . . . . . . . . . . . . . . . . . . . . . . . . . . Sterilizations 1 | . . . . . . . . . . . . . . . . . 1 . . . . . . . . Peak Influence 1705 | 10 194 441 238 1122 696 981 538 1594 993 1504 864 1530 1705 1584 793 433 225 11 115 463 376 100 310 164 328 Initial 1136 | . . 2 163 129 546 395 477 343 836 659 789 453 802 1136 793 2 225 2 . 66 260 . 56 154 . Average 506 | 3 72 294 186 646 586 644 465 964 899 1205 612 1073 1263 1444 289 156 77 3 35 305 97 18 75 62 104 Influence Increases 16010 | 20 496 769 176 1253 330 886 201 1511 316 1015 775 1127 1564 616 394 660 150 17 223 797 369 651 946 141 607 Destroy 0b10 Robot/C 5892 | . 260 500 100 660 200 280 80 460 120 325 315 432 360 180 72 192 48 . 60 168 132 384 408 24 132 Destroy 0b10 Robot/NC 423 | 20 40 65 20 20 30 . 15 20 10 . . . 27 . 6 3 3 . 3 3 6 9 42 . 81 Destroy Leader 862 | . 54 138 32 30 40 20 10 50 40 10 80 32 64 12 14 18 6 . 12 18 24 50 84 . 24 Allied During Kill 2949 | . . . . 78 15 40 70 353 146 281 304 446 318 90 48 213 57 . 75 189 86 73 54 . 13 Successful Hack 256 | . 24 10 10 28 14 . 26 . . 16 28 . 6 . 20 13 . . . . 19 23 . 19 . Disable Machine 825 | . 90 30 . . 15 15 . . . . 12 24 306 27 90 9 . 9 45 18 . 54 27 27 27 Anti-Garrison Action 2126 | . . . . 350 . 450 . 500 . 240 . 106 90 180 . . . . . 210 . . . . . Destroy Structure 2052 | . 28 11 14 72 1 51 . 98 . 113 12 63 384 91 144 102 36 8 28 182 102 40 196 62 214 Partial Spotted 9 | . . . . . . . . . . . . . . . . . . . . . . 9 . . . Lose Combat Pursuer 453 | . . 15 . 15 15 30 . 30 . 30 24 24 9 36 . 9 . . . 9 . 9 135 9 54 Miscellaneous 163 | . . . . . . . . . . . . . . . . 101 . . . . . . . . 62 Influence Decreases 15863 | 20 489 389 364 330 844 513 654 445 968 453 1631 245 1470 728 1901 262 548 22 128 429 832 551 771 416 460 Entered New Map 6244 | . . 5 224 70 576 213 504 185 758 283 715 195 728 488 719 3 178 3 . 29 203 . 44 121 . Time Decay 4724 | 20 314 344 140 . 198 . 140 . 180 . 356 . 452 . 388 200 270 19 119 . 405 399 353 217 210 Lost Part 975 | . 25 40 . 100 30 90 10 10 10 30 50 10 . . 10 . . . . 60 10 . 202 78 210 Lost Ally 3345 | . . . . 160 40 210 . 250 20 140 360 40 290 240 509 59 100 . 9 340 214 152 172 . 40 Purge Threat 575 | . 150 . . . . . . . . . 150 . . . 275 . . . . . . . . . . Squads Dispatched 95 | . 3 7 . . 2 . 1 . 2 . 7 . 15 . 17 3 1 . 3 . 7 10 11 2 4 Investigation 14 | . . 2 . . 1 . . . 1 . 1 . 1 . . 2 1 . . . 2 2 1 . . Extermination 18 | . . . . . . . . . 1 . 2 . 2 . 2 . . . 1 . . 4 4 1 1 Reinforcement 47 | . 3 5 . . 1 . 1 . . . 2 . 3 . 12 1 . . 1 . 4 4 6 1 3 Assault 4 | . . . . . . . . . . . . . 4 . . . . . . . . . . . . Garrison 12 | . . . . . . . . . . . 2 . 5 . 3 . . . 1 . 1 . . . . Intercept . | . . . . . . . . . . . . . . . . . . . . . . . . . . Searches Triggered . | . . . . . . . . . . . . . . . . . . . . . . . . . . Construction Impeded 6 | . . 1 . . . . . . . . . . 1 . 2 . . . . . . . 1 . 1 Haulers Reinforced 5 | . . . . . . . . . . . . . . . 2 . . . . . 3 . . . . Active Scanning Responses . | . . . . . . . . . . . . . . . . . . . . . . . . . . Cargo Convoy Interrupts 1 | . . . . . . . . . . . 1 . . . . . . . . . . . . . . Alert ID Control Effect 191 | . . . . . . 9 1 17 1 11 10 5 14 10 27 8 3 1 5 28 19 14 5 . 3 Stealth | -11 -10 -9 -8 -8 -8 -8 -8 -8 -7 -7 -6 -6 -5 -5 -4 -4 -4 -4 -4 -4 -3 -3 -2 -2 -1 --------- Run | Yrd Mat Mat Mat Gar Mat Gar Mat Gar Fac Gar Fac Gar Fac Gar Fac Ext Cet Arc Hub Gar Res Tes Res Qua Acc Distress Signals 41 | . 1 4 . . 4 . . . . . 3 . . 1 3 1 1 . 2 1 3 6 9 . 2 Communications Jammed . | . . . . . . . . . . . . . . . . . . . . . . . . . . Distress Signals . | . . . . . . . . . . . . . . . . . . . . . . . . . . Times Spotted 802 | . 20 39 11 37 25 41 9 43 7 41 38 37 30 43 52 34 12 1 7 60 19 62 77 9 48 Peak Tracking Total 21 | . 4 6 4 7 7 6 3 8 3 5 16 7 4 5 8 5 5 1 4 6 4 6 16 4 21 Tactical Retreats 31 | . . 1 . 1 1 2 . 1 . 2 2 1 1 2 . 1 . . . 1 . 1 9 1 4 Traps | -11 -10 -9 -8 -8 -8 -8 -8 -8 -7 -7 -6 -6 -5 -5 -4 -4 -4 -4 -4 -4 -3 -3 -2 -2 -1 ------- Run | Yrd Mat Mat Mat Gar Mat Gar Mat Gar Fac Gar Fac Gar Fac Gar Fac Ext Cet Arc Hub Gar Res Tes Res Qua Acc Traps Triggered 64 | . . . . 12 . 10 . 13 1 4 . 2 2 7 . . . . . 10 1 . 2 . . Indirectly . | . . . . . . . . . . . . . . . . . . . . . . . . . . Trap Hack Attempts . | . . . . . . . . . . . . . . . . . . . . . . . . . . Triggered . | . . . . . . . . . . . . . . . . . . . . . . . . . . Disarmed . | . . . . . . . . . . . . . . . . . . . . . . . . . . Reprogrammed . | . . . . . . . . . . . . . . . . . . . . . . . . . . Reused . | . . . . . . . . . . . . . . . . . . . . . . . . . . Traps Extracted . | . . . . . . . . . . . . . . . . . . . . . . . . . . Installed . | . . . . . . . . . . . . . . . . . . . . . . . . . . Triggered . | . . . . . . . . . . . . . . . . . . . . . . . . . . Machines | -11 -10 -9 -8 -8 -8 -8 -8 -8 -7 -7 -6 -6 -5 -5 -4 -4 -4 -4 -4 -4 -3 -3 -2 -2 -1 ---------- Run | Yrd Mat Mat Mat Gar Mat Gar Mat Gar Fac Gar Fac Gar Fac Gar Fac Ext Cet Arc Hub Gar Res Tes Res Qua Acc Machines Disabled 130 | . 6 2 . 6 1 6 . 8 . 6 1 8 35 8 10 1 . 1 5 8 . 6 4 5 3 Max in Single Turn 15 | . 5 1 . 2 1 1 . 1 . 1 . 2 15 1 1 1 . . 1 2 . 1 4 2 1 Garrison Access 11 | . . . . . . . . . . . 1 . 1 . 2 . . . 1 . 2 1 2 . 1 Garrison Relay 33 | . . . . 4 . 5 . 6 . 6 . 3 . 5 . . . . . 4 . . . . . Phase Generator 3 | . . . . 1 . . . 1 . . . . . . . . . . . 1 . . . . . Machines Repaired . | . . . . . . . . . . . . . . . . . . . . . . . . . . Machines Dismantled . | . . . . . . . . . . . . . . . . . . . . . . . . . . Machines Sabotaged . | . . . . . . . . . . . . . . . . . . . . . . . . . . Overloaded Fab Kills . | . . . . . . . . . . . . . . . . . . . . . . . . . . Hacking | -11 -10 -9 -8 -8 -8 -8 -8 -8 -7 -7 -6 -6 -5 -5 -4 -4 -4 -4 -4 -4 -3 -3 -2 -2 -1 --------- Run | Yrd Mat Mat Mat Gar Mat Gar Mat Gar Fac Gar Fac Gar Fac Gar Fac Ext Cet Arc Hub Gar Res Tes Res Qua Acc Machines Accessed 107 | . 3 7 4 3 5 3 5 3 4 3 10 . 6 2 7 9 1 . 5 . 7 11 4 3 2 Terminals 68 | . 3 5 2 3 3 3 3 3 1 3 5 . 3 2 3 9 1 . 3 . 2 6 2 2 1 Fabricators 9 | . . . . . . . . . 2 . 2 . 1 . 1 . . . . . 2 1 . . . Repair Stations 1 | . . . . . . . . . . . . . . . . . . . . . . 1 . . . Recycling Units . | . . . . . . . . . . . . . . . . . . . . . . . . . . Scanalyzers 12 | . . 2 1 . 1 . 1 . . . 1 . 1 . 1 . . . . . 1 2 . 1 . Garrison Access 17 | . . . 1 . 1 . 1 . 1 . 2 . 1 . 2 . . . 2 . 2 1 2 . 1 Total Hacks 183 | . 9 19 7 4 10 6 9 7 5 3 18 . 10 4 16 12 2 . 6 . 9 14 6 5 2 Successful 84 | . 7 8 6 2 4 . 5 . 2 3 10 . 4 1 7 7 1 . 3 . 4 4 3 2 1 Failed 97 | . 2 10 1 2 6 6 4 7 3 . 7 . 6 3 9 5 1 . 3 . 5 10 3 3 1 Catastrophic 30 | . . 4 . 1 1 4 1 3 . . 2 . 2 . 2 1 . . 2 . 1 3 1 1 1 Database Lockouts 2 | . . 1 . . . . . . . . 1 . . . . . . . . . . . . . . Manual 51 | . 5 6 3 . 5 . 4 . 2 . 7 . 3 . 5 . 1 . 3 . 1 4 2 . . Terminals 126 | . 9 12 4 4 8 6 6 7 2 3 9 . 7 4 9 12 2 . 3 . 3 8 3 4 1 Fabricators 14 | . . . . . . . . . 2 . 4 . 1 . 2 . . . . . 3 2 . . . Repair Stations 1 | . . . . . . . . . . . . . . . . . . . . . . 1 . . . Recycling Units . | . . . . . . . . . . . . . . . . . . . . . . . . . . Scanalyzers 23 | . . 7 2 . 1 . 2 . . . 3 . 1 . 3 . . . . . 1 2 . 1 . Garrison Access 19 | . . . 1 . 1 . 1 . 1 . 2 . 1 . 2 . . . 3 . 2 1 3 . 1 Terminal Hacks 30 | . 5 1 1 2 . . 1 . . 3 2 . 1 1 2 7 1 . . . 1 . . 2 . Part Schematic 1 | . 1 . . . . . . . . . . . . . . . . . . . . . . . . Robot Schematic 1 | . . . . . . . . . . . . . . . 1 . . . . . . . . . . Prototype ID Bank 1 | . . . . . . . . . . . . . . . . . . . . . . . . 1 . Open Door 9 | . . . . . . . . . . 1 . . . . . 7 1 . . . . . . . . Level Access Points 2 | . . . . . . . 1 . . . . . . . . . . . . . 1 . . . . Branch Access Points 5 | . 1 1 . . . . . . . . 1 . 1 . 1 . . . . . . . . . . Emergency Access Points 3 | . . . . 1 . . . . . 1 . . . 1 . . . . . . . . . . . Alert Level 1 | . 1 . . . . . . . . . . . . . . . . . . . . . . . . Unreport Threat 2 | . 1 . . . . . . . . . 1 . . . . . . . . . . . . . . Locate Traps 1 | . . . . . . . . . . . . . . . . . . . . . . . . 1 . Hauler Manifests 1 | . . . 1 . . . . . . . . . . . . . . . . . . . . . . Registered Prototypes 1 | . 1 . . . . . . . . . . . . . . . . . . . . . . . . Patrol Navigation 1 | . . . . 1 . . . . . . . . . . . . . . . . . . . . . Security Stations 1 | . . . . . . . . . . 1 . . . . . . . . . . . . . . . Fabricator Hacks 5 | . . . . . . . . . 1 . 1 . 1 . 1 . . . . . . 1 . . . Network Status 1 | . . . . . . . . . . . . . 1 . . . . . . . . . . . . Load Schematic 2 | . . . . . . . . . . . 1 . . . . . . . . . . 1 . . . Build 2 | . . . . . . . . . 1 . . . . . 1 . . . . . . . . . . Repair Station Hacks . | . . . . . . . . . . . . . . . . . . . . . . . . . . Recycling Unit Hacks . | . . . . . . . . . . . . . . . . . . . . . . . . . . Scanalyzer 18 | . . 6 2 . 1 . 2 . . . 2 . 1 . 1 . . . . . 1 2 . . . Retrieve Study 18 | . . 6 2 . 1 . 2 . . . 2 . 1 . 1 . . . . . 1 2 . . . Garrison Access Hacks 19 | . . . 1 . 1 . 1 . 1 . 2 . 1 . 2 . . . 3 . 2 1 3 . 1 Unlock Access 8 | . . . 1 . 1 . 1 . 1 . 1 . 1 . . . . . 1 . . . 1 . . Seal Access 10 | . . . . . . . . . . . 1 . . . 2 . . . 1 . 2 1 2 . 1 Coupler Status 1 | . . . . . . . . . . . . . . . . . . . 1 . . . . . . Unauthorized Hacks 12 | . 2 1 2 . 2 . 1 . . . 3 . . . 1 . . . . . . . . . . Terminals 12 | . 2 1 2 . 2 . 1 . . . 3 . . . 1 . . . . . . . . . . Botnet 12 | . 2 1 2 . 2 . 1 . . . 3 . . . 1 . . . . . . . . . . Fabricators . | . . . . . . . . . . . . . . . . . . . . . . . . . . Repair Stations . | . . . . . . . . . . . . . . . . . . . . . . . . . . Recycling Units . | . . . . . . . . . . . . . . . . . . . . . . . . . . Scanalyzers . | . . . . . . . . . . . . . . . . . . . . . . . . . . Garrison Access . | . . . . . . . . . . . . . . . . . . . . . . . . . . Data Cores Recovered 3 | . . . 1 . . . . . . . . . 2 . . . . . . . . . . . . Used 1 | . . . . . . . . . . . . . 1 . . . . . . . . . . . . Hacking Detections 78 | . 3 6 2 1 5 3 4 3 3 . 7 . 5 2 5 5 . . 4 . 5 9 2 3 1 Full Trace Events 11 | . . 2 . . 1 2 . 1 . . 1 . 1 1 . 2 . . . . . . . . . Feedback Events . | . . . . . . . . . . . . . . . . . . . . . . . . . . Feedback Blocked . | . . . . . . . . . . . . . . . . . . . . . . . . . . Robot Schematics Acquired 4 | . . . . . . . . . . . . . . . 1 . . . . . . 3 . . . Robots Built . | . . . . . . . . . . . . . . . . . . . . . . . . . . Authchips . | . . . . . . . . . . . . . . . . . . . . . . . . . . Time . | . . . . . . . . . . . . . . . . . . . . . . . . . . Total Robot Build Rating . | . . . . . . . . . . . . . . . . . . . . . . . . . . Part Schematics Acquired 12 | . 1 . . . . . . . . . . . . . . . . . . . . 11 . . . Parts Built 1 | . . . . . . . . . . . . . . . 1 . . . . . . . . . . Authchips . | . . . . . . . . . . . . . . . . . . . . . . . . . . Time 175 | . . . . . . . . . 106 . . . . . 69 . . . . . . . . . . Total Part Build Rating 9 | . . . . . . . . . . . . . . . 9 . . . . . . . . . . Part Studies Acquired 16 | . . 6 1 . . . 2 . . . 2 . 1 . 1 . . . . . 1 2 . . . Parts Repaired . | . . . . . . . . . . . . . . . . . . . . . . . . . . Time . | . . . . . . . . . . . . . . . . . . . . . . . . . . Parts Recycled . | . . . . . . . . . . . . . . . . . . . . . . . . . . Recycled Matter . | . . . . . . . . . . . . . . . . . . . . . . . . . . Retrieved Matter . | . . . . . . . . . . . . . . . . . . . . . . . . . . Retrieved Components . | . . . . . . . . . . . . . . . . . . . . . . . . . . Parts Scanalyzed . | . . . . . . . . . . . . . . . . . . . . . . . . . . Part Schematics Acquired . | . . . . . . . . . . . . . . . . . . . . . . . . . . Parts Damaged . | . . . . . . . . . . . . . . . . . . . . . . . . . . Bothacking | -11 -10 -9 -8 -8 -8 -8 -8 -8 -7 -7 -6 -6 -5 -5 -4 -4 -4 -4 -4 -4 -3 -3 -2 -2 -1 ------------ Run | Yrd Mat Mat Mat Gar Mat Gar Mat Gar Fac Gar Fac Gar Fac Gar Fac Ext Cet Arc Hub Gar Res Tes Res Qua Acc Used RIF Installer 8 | . . . . 1 . 1 . 1 . 1 . 2 . 1 . . . . . 1 . . . . . Threat Obfuscator 2 | . . . . . . . . . . 1 . 1 . . . . . . . . . . . . . Patrol Navigation 1 | . . . . . . 1 . . . . . . . . . . . . . . . . . . . Alert ID Control 1 | . . . . . 1 . . . . . . . . . . . . . . . . . . . . Structural Interface 1 | . . . . . . . . . . . . . . . . . . . . 1 . . . . . Autooverride 2 | . . . . . . . . 1 . . . 1 . . . . . . . . . . . . . Autoassimilate 1 | . . . . . . . . . . . . . . 1 . . . . . . . . . . . Robots Hacked 270 | . . . . . 7 23 6 8 5 17 22 6 11 17 38 16 5 4 7 26 11 25 14 . 2 Non-combat 43 | . . . . . 2 . 2 1 1 . 6 . 2 . 13 1 . . 2 1 2 4 6 . . Combat 227 | . . . . . 5 23 4 7 4 17 16 6 9 17 25 15 5 4 5 25 9 21 8 . 2 Autooverrided 46 | . . . . . . . . . 1 1 2 1 2 1 6 4 1 1 . 5 8 8 5 . . Autoassimilated 28 | . . . . . . . . . . . . . . 1 5 1 1 1 2 6 1 6 2 . 2 Robot Hacks Applied 216 | . . . . . 8 23 6 8 5 16 22 5 10 16 32 11 3 2 6 16 2 16 9 . . parse_system 5 | . . . . . . . . . 1 . 1 . . . 3 . . . . . . . . . . generate_echo 1 | . . . . . . . . . . . . . 1 . . . . . . . . . . . . ignore_repairs 8 | . . . . . . . . . . . . . . . 4 . . . 2 . . . 2 . . drop_inventory 7 | . . . . . 1 . 1 . . . 1 . 1 . 2 . . . . . 1 . . . . ignore_parts 4 | . . . . . . . . . . . . . . . . . . . . . 1 1 2 . . purge_threat 2 | . . . . . . . . . . . . . . . 2 . . . . . . . . . . block_reporting 1 | . . . . . . . . . . . . . . . . . . . . . . . 1 . . locate_prototypes 5 | . . . . . . . . . . . . . . . . . . . . . . 5 . . . emergency_deploy 1 | . . . . . . . . . . . . . 1 . . . . . . . . . . . . find_garrison 5 | . . . . . 1 . . . 1 . 1 . . . 1 . . . 1 . . . . . . scatter_targeting 1 | . . . . . . 1 . . . . . . . . . . . . . . . . . . . reboot_system 16 | . . . . . . 3 1 . . 1 2 1 1 3 1 2 . . 1 . . . . . . overwrite_iff 29 | . . . . . . 2 1 2 1 4 5 2 3 1 2 1 1 . . 4 . . . . . formatsys_low 14 | . . . . . 1 . . 1 . . 1 . . . 2 1 . . . 1 . 6 1 . . formatsys_high 117 | . . . . . 5 17 3 5 2 11 11 2 3 12 15 7 2 2 2 11 . 4 3 . . Relay Couplers Released 135 | . . . . 18 . 23 . 25 . 21 2 10 . 19 . . . . . 17 . . . . . Machine Destruction 131 | . . . . 14 . 23 . 25 . 21 2 10 . 19 . . . . . 17 . . . . . Programmers 4 | . . . . 4 . . . . . . . . . . . . . . . . . . . . . Attached 74 | . . . . 1 3 12 2 8 2 10 5 2 1 8 2 1 4 . . 8 . 3 2 . . Fabnet Peak Effective % . | . . . . . . . . . . . . . . . . . . . . . . . . . . Robots Rewired 52 | . . . . 9 . . . 14 . 3 . 4 . 3 . 13 . . . 5 . 1 . . . Allies Hacked 8 | . . . . . . 2 . . . . . . 2 1 . . . . . . . 1 1 . 1 Hacks Repelled 1 | . . . . . . . . . . . . . . . . . . . . . . . . . 1 Allies | -11 -10 -9 -8 -8 -8 -8 -8 -8 -7 -7 -6 -6 -5 -5 -4 -4 -4 -4 -4 -4 -3 -3 -2 -2 -1 -------- Run | Yrd Mat Mat Mat Gar Mat Gar Mat Gar Fac Gar Fac Gar Fac Gar Fac Ext Cet Arc Hub Gar Res Tes Res Qua Acc Total Allies 312 | . . . . 9 6 19 4 22 4 21 19 11 11 19 30 38 10 4 4 33 9 25 12 . 2 Largest Group 39 | . . . . 6 4 9 12 16 16 26 23 21 24 15 17 34 39 28 30 23 22 4 6 . 2 Highest-Rated Group 2139 | . . . . 96 60 134 190 297 247 656 608 965 1088 744 784 1539 2139 1614 1715 1274 1251 238 424 . 116 Highest-Rated Ally 187 | . . . . 38 16 29 26 40 26 80 90 119 113 95 58 159 159 96 96 96 96 152 187 . 58 Total Orders 21 | . . . . . 2 . . 5 1 1 1 1 2 . . . 1 . . 1 4 1 1 . . STAY 3 | . . . . . . . . 1 . . . . 1 . . . . . . 1 . . . . . FOLLOW 1 | . . . . . . . . 1 . . . . . . . . . . . . . . . . . AID 17 | . . . . . 2 . . 3 1 1 1 1 1 . . . 1 . . . 4 1 1 . . Ally Attacks 1744 | . . . . 34 29 69 15 98 29 103 171 96 133 108 134 84 53 15 41 210 116 139 55 . 12 Total Damage 50751 | . . . . 560 406 1009 265 1727 377 1451 4406 3257 4465 3027 5405 2963 1667 412 1311 7920 4480 3167 1995 . 481 Kills 308 | . . . . 9 5 9 2 22 1 13 28 22 36 11 30 20 5 1 10 35 27 14 5 . 3 Allies Corrupted 21 | . . . . 1 . . . 3 . . 1 . 4 1 3 . . . . . 2 6 . . . Allies Melted 3 | . . . . . 1 . . . . . . . . . . . . . . 2 . . . . . X0-1V1 Amusement Gains 392 | . 20 20 15 40 . 30 . 9 10 . 4 . . . . . . . . 80 9 . 67 46 42 Average Entertainment 75 | . 19 26 29 61 62 85 91 96 93 96 96 100 100 100 100 43 31 22 11 69 99 63 58 72 65 Good Acts 159 | . . 15 2 4 2 9 1 11 2 11 8 11 11 7 10 2 3 . 1 9 14 7 8 3 8 Bad Acts 62 | . 1 1 . 1 . 5 1 8 1 . 1 2 . 3 4 2 5 . 2 3 3 5 8 . 6 Intel | -11 -10 -9 -8 -8 -8 -8 -8 -8 -7 -7 -6 -6 -5 -5 -4 -4 -4 -4 -4 -4 -3 -3 -2 -2 -1 ------- Run | Yrd Mat Mat Mat Gar Mat Gar Mat Gar Fac Gar Fac Gar Fac Gar Fac Ext Cet Arc Hub Gar Res Tes Res Qua Acc Active Infowar (turns) 10208 | . 564 40 . . . . . . 8 . 76 690 1103 787 933 695 588 94 379 134 59 1666 1378 509 505 Optics 9596 | . . . . . . . . . . . 76 690 1103 787 933 695 588 94 379 134 59 1666 1378 509 505 Sensors 218 | . 218 . . . . . . . . . . . . . . . . . . . . . . . . A.S.S. 8 | . . . . . . . . . 8 . . . . . . . . . . . . . . . . Terrain 18 | . . . . . . . . . . . . . . . . . . . . . . . . . 18 Traps 18 | . . . . . . . . . . . . . . . . . . . 18 . . . . . . Seismic 386 | . 346 40 . . . . . . . . . . . . . . . . . . . . . . . Spoofing 1 | . . . . . . . . . . . . . . 1 . . . . . . . . . . . Robot Analysis Total . | . . . . . . . . . . . . . . . . . . . . . . . . . . Derelict Logs Recovered . | . . . . . . . . . . . . . . . . . . . . . . . . . . Drone Launches 2 | . . . . . . . . . . . . . . . 2 . . . . . . . . . . Drone Recoveries . | . . . . . . . . . . . . . . . . . . . . . . . . . . Exploration | -11 -10 -9 -8 -8 -8 -8 -8 -8 -7 -7 -6 -6 -5 -5 -4 -4 -4 -4 -4 -4 -3 -3 -2 -2 -1 ------------- Run | Yrd Mat Mat Mat Gar Mat Gar Mat Gar Fac Gar Fac Gar Fac Gar Fac Ext Cet Arc Hub Gar Res Tes Res Qua Acc Turns Passed 21920 | 88 744 832 292 1356 415 1403 298 1601 377 1151 800 690 1136 985 933 695 588 94 379 1367 1638 1666 1378 509 505 Spaces Moved 14260 | 41 425 630 214 808 286 835 191 1092 278 756 627 482 940 642 621 406 298 38 259 879 1169 986 773 221 363 Core 83 | 2 . . . . . . . . . . . . . . . . . . . . . . . . 81 Treads 161 | . . . . . . . . . . . 2 2 1 . . . . . . . . . . . 156 Legs 1146 | . . . . 2 . 2 . . . . . . . 282 621 159 . . . 4 . . 37 39 . Wheels 12562 | 39 425 630 214 806 286 833 191 1092 278 756 625 480 939 360 . 247 298 38 259 875 1169 986 736 . . Hover 308 | . . . . . . . . . . . . . . . . . . . . . . . . 182 126 Flight . | . . . . . . . . . . . . . . . . . . . . . . . . . . Fastest Speed 50 | 50 80 76 98 83 100 100 91 91 100 100 95 107 99 99 120 120 116 116 116 100 120 109 100 70 50 Average Speed 111 | 78 96 90 98 105 100 119 108 101 100 100 101 107 100 108 120 120 124 116 116 110 129 125 118 204 103 Slowest Speed 330 | 95 105 105 98 190 100 330 160 110 100 100 320 240 320 126 120 120 140 116 116 190 160 160 320 280 250 Overloaded Moves . | . . . . . . . . . . . . . . . . . . . . . . . . . . Propulsion Burnouts . | . . . . . . . . . . . . . . . . . . . . . . . . . . Robots Hopped . | . . . . . . . . . . . . . . . . . . . . . . . . . . Potential Cave-ins 7 | . . . . . . . . . . . . . . . . . . . . . . 1 2 . 4 Cave-ins Triggered . | . . . . . . . . . . . . . . . . . . . . . . . . . . Time Travels 1 | . . . . . . . . . . . . . . . . . . . . . 1 . . . . Exploration Rate (%) 55 | 4 74 61 32 94 37 84 26 99 12 97 25 81 29 98 24 76 88 80 37 99 33 95 27 27 14 Regions Visited 25 Branch Regions 6 Pre-discovered Areas . | . . . . . . . . . . . . . . . . . . . . . . . . . . Known Exits Taken 11 | . . 1 1 . 1 . 1 . 1 . 1 . 1 . 1 . . . 1 . . 1 1 . . Unknown Exits Taken 7 | 1 1 . . . . . . . . . . . . . . 1 1 1 . . 1 . . 1 . Scrap Searched . | . . . . . . . . . . . . . . . . . . . . . . . . . . Spaces Dug 91 | . . . . 1 . 1 . 2 . 1 2 1 . 5 10 2 9 4 10 5 1 5 25 . 7 Terrain Destroyed 1130 | . 28 10 12 87 . 1 . 113 . 30 4 24 149 49 14 60 12 4 10 158 84 16 127 29 109 Melee 9 | . . . . 1 . 1 . 2 . 1 2 . . 1 . . . . . . . 1 . . . Projectile 182 | . 2 10 . 1 . . . . . . 2 4 10 11 14 3 12 4 10 14 17 15 45 1 7 AOE 939 | . 26 . 12 85 . . . 111 . 29 . 20 139 37 . 57 . . . 144 67 . 82 28 102 Terrain Rammed . | . . . . . . . . . . . . . . . . . . . . . . . . . . Walls Destroyed . | . . . . . . . . . . . . . . . . . . . . . . . . . . Machines Disabled . | . . . . . . . . . . . . . . . . . . . . . . . . . . Actions | -11 -10 -9 -8 -8 -8 -8 -8 -8 -7 -7 -6 -6 -5 -5 -4 -4 -4 -4 -4 -4 -3 -3 -2 -2 -1 --------- Run | Yrd Mat Mat Mat Gar Mat Gar Mat Gar Fac Gar Fac Gar Fac Gar Fac Ext Cet Arc Hub Gar Res Tes Res Qua Acc Total 18194 | 72 644 755 254 1105 363 1099 248 1419 348 1025 748 572 1067 840 754 560 482 83 317 1191 1240 1235 1070 259 444 Wait 1168 | . 131 19 5 23 18 19 17 51 40 130 21 8 51 19 34 61 143 40 31 104 2 72 118 2 9 Move 14240 | 40 424 629 214 807 286 834 191 1091 277 755 627 481 940 641 620 405 297 37 258 878 1168 985 772 220 363 Hop . | . . . . . . . . . . . . . . . . . . . . . . . . . . Pick Up 225 | 4 11 9 6 19 5 18 4 21 5 13 12 2 3 17 5 1 4 . 1 23 9 22 5 4 2 Fast Attach 111 | 6 6 5 . 10 1 10 2 3 . 2 13 . . 3 1 . . . . 7 6 2 11 2 21 Attach 107 | . 2 4 3 5 4 6 1 4 6 2 5 4 2 5 6 3 4 . . 10 3 2 14 5 7 Detach 33 | . . 1 . 1 . 1 1 2 1 . 4 2 . 1 1 . . . . 3 2 . 2 4 7 Swap 187 | 2 7 6 1 17 5 15 5 18 . 14 4 5 14 11 1 7 7 . 2 18 4 13 9 2 . Drop 196 | . 8 11 4 20 5 7 4 16 1 6 15 . 3 18 4 1 1 . . 22 12 22 6 2 8 Fire 1341 | 20 55 70 21 66 37 72 23 73 18 51 44 59 41 75 77 74 26 6 24 85 34 114 131 18 27 Melee 226 | . . . . 64 1 42 . 59 . 34 2 4 1 8 1 6 . . . 3 . 1 . . . Ram 1 | . . . . . . . . . . . . . . . . . . . . . . . 1 . . Kick . | . . . . . . . . . . . . . . . . . . . . . . . . . . Crush . | . . . . . . . . . . . . . . . . . . . . . . . . . . Escape Stasis 333 | . . . . 72 . 72 . 80 . 16 . 6 11 40 . . . . . 36 . . . . . Rewire 26 | . . 1 . 1 1 3 . 1 . 2 1 1 1 2 4 2 . . 1 2 . 2 1 . . Trap . | . . . . . . . . . . . . . . . . . . . . . . . . . . Miscellaneous . | . . . . . . . . . . . . . . . . . . . . . . . . . . Route ------- -11/Scrapyard -10/Materials (discovered 3 exits: *Mat x2 / *Min) -9/Materials (discovered 4 exits: *Mat x3 / Min) -8/Materials (discovered 2 exits: *Fac / Gar) -8/Garrison (discovered 4 exits: *Mat x4) -8/Materials (discovered 2 exits: [*Sto] / Gar) -8/Garrison (discovered 4 exits: *Fac x3 / *Mat) -8/Materials (discovered 5 exits: Fac x3 / [*Sto] / Gar) -8/Garrison (discovered 3 exits: *Fac x3) -7/Factory (discovered 3 exits: Fac / [*Low] / Gar) -7/Garrison (discovered 3 exits: *Fac x3) -6/Factory (discovered 5 exits: *Fac x2 / *Low x2 / Gar) -6/Garrison (discovered 3 exits: *Fac x3) -5/Factory (discovered 5 exits: *Fac x2 / *Upp x2 / Gar) -5/Garrison (discovered 3 exits: *Fac x3) -4/Factory (discovered 5 exits: *Res / Upp x2 / *Ext x2) -4/Extension (discovered 2 exits: *Res / *Cet) -4/Cetus (discovered 2 exits: *Res / [*Arc]) -4/Archives (discovered 2 exits: *Hub x2) -4/Hub_04(d) (discovered 2 exits: Res / Gar) -4/Garrison (discovered 3 exits: *Res x3) -3/Research (discovered 4 exits: *Res x3 / *Tes) -3/Testing -2/Research (discovered 2 exits: *Acc / *Qua) -2/Quarantine -1/Access History --------- Turn | Location | Event 13 | -11/Scrapyard | Discovered new exit (range 16) 89 | -11/Scrapyard | Entered Materials 299 | -10/Materials | Discovered new exit (range 6) 309 | -10/Materials | Build established: Mutant 356 | -10/Materials | Discovered new exit (range 5) 505 | -10/Materials | Discovered new exit (range 15) 583 | -10/Materials | Identified exit to Mines 758 | -10/Materials | Prayed at D.C.S.S. Altar Unit 775 | -10/Materials | Core integrity fell below 50% 833 | -10/Materials | Entered another Materials area 833 | -9/Materials | Evolved 2 slots: Propulsion x1, Utility x1 942 | -9/Materials | Ranged accuracy permanently improved by X0-1V1 (+9%; -90 max core) 1077 | -9/Materials | Discovered new exit (range 10) 1211 | -9/Materials | X0-1V1 put everyone to sleep 1228 | -9/Materials | Discovered new exit (range 10) 1244 | -9/Materials | Identified exit to Materials 1244 | -9/Materials | X0-1V1 revealed exit location to -8/Materials 1263 | -9/Materials | Central database locked down 1465 | -9/Materials | X0-1V1 foreshadows a heat wave 1513 | -9/Materials | Identified exit to Mines 1559 | -9/Materials | Ambient heat levels rising (+10) 1665 | -9/Materials | Entered another Materials area 1665 | -8/Materials | Evolved 2 slots: Weapon x2 1756 | -8/Materials | Utility slot count permanently improved by X0-1V1 (+1) 1853 | -8/Materials | Discovered new exit (range 8) 1950 | -8/Materials | Build established: Gunner 1957 | -8/Materials | Identified exit to Garrison 1957 | -8/Materials | Entered Garrison 1981 | -8/Garrison | Triggered checkpoint 2037 | -8/Garrison | Phase Generator disabled 2052 | -8/Garrison | Triggered checkpoint 2065 | -8/Garrison | Garrison Relay disabled 2108 | -8/Garrison | Melee accuracy permanently improved by X0-1V1 (+9%; -90 max core) 2125 | -8/Garrison | Triggered checkpoint 2145 | -8/Garrison | Discovered new exit (range 3) 2189 | -8/Garrison | Garrison Relay disabled 2201 | -8/Garrison | Triggered checkpoint 2333 | -8/Garrison | Triggered checkpoint 2340 | -8/Garrison | Lost 6 allies 2386 | -8/Garrison | Discovered new exit (range 10) 2389 | -8/Garrison | Triggered checkpoint 2431 | -8/Garrison | Triggered checkpoint 2436 | -8/Garrison | Core integrity fell below 50% 2576 | -8/Garrison | Triggered checkpoint 2731 | -8/Garrison | Triggered checkpoint 2839 | -8/Garrison | Discovered new exit (range 5) 2866 | -8/Garrison | Triggered checkpoint 2926 | -8/Garrison | Core integrity restored by X0-1V1 (+92) 2989 | -8/Garrison | Triggered checkpoint 3154 | -8/Garrison | Build established: Scavenger-Gunner 3156 | -8/Garrison | Discovered new exit (range 14) 3182 | -8/Garrison | Triggered checkpoint 3204 | -8/Garrison | Triggered checkpoint 3230 | -8/Garrison | Installed Relay Interface Framework 3255 | -8/Garrison | Garrison Relay disabled 3271 | -8/Garrison | Garrison Relay disabled 3313 | -8/Garrison | Entered Materials 3334 | -8/Materials | Discovered new exit (range 15) 3517 | -8/Materials | Build established: Bothacker-Gunner 3536 | -8/Materials | Met 7R-MNS 3551 | -8/Materials | Found Prototype Device 3606 | -8/Materials | Expanded RIF knowledge: Alert ID Control 3728 | -8/Materials | Identified exit to Garrison 3728 | -8/Materials | Entered Garrison 3728 | -8/Garrison | Accompanied by 2 allies 3733 | -8/Garrison | Lost 3 parts (1n2w) 3733 | -8/Garrison | Lost 4 allies 3771 | -8/Garrison | Triggered checkpoint 3780 | -8/Garrison | Discovered new exit (range 6) 3791 | -8/Garrison | Core integrity restored by X0-1V1 (+92) 3839 | -8/Garrison | Identified exit to Factory 3839 | -8/Garrison | X0-1V1 revealed exit location to -7/Factory 3853 | -8/Garrison | Garrison Relay disabled 3912 | -8/Garrison | Triggered checkpoint 3985 | -8/Garrison | Triggered checkpoint 4025 | -8/Garrison | Lost 3 allies 4058 | -8/Garrison | Lost 8 parts (1p3n1u3w) 4142 | -8/Garrison | Triggered checkpoint 4202 | -8/Garrison | X0-1V1 activates XOMVISION 4214 | -8/Garrison | Triggered checkpoint 4229 | -8/Garrison | System corruption reached 10% 4250 | -8/Garrison | Core integrity restored by X0-1V1 (+85) 4287 | -8/Garrison | Garrison Relay disabled 4368 | -8/Garrison | Build established: Bothacker-Mutant 4375 | -8/Garrison | Discovered exit to Factory (range 13) 4422 | -8/Garrison | Triggered checkpoint 4465 | -8/Garrison | Triggered checkpoint 4501 | -8/Garrison | Expanded RIF knowledge: Patrol Navigation 4570 | -8/Garrison | Garrison Relay disabled 4590 | -8/Garrison | Triggered checkpoint 4669 | -8/Garrison | Garrison Relay disabled 4715 | -8/Garrison | Build established: Bothacker-Gunner 4869 | -8/Garrison | Discovered exit to Factory (range 12) 4923 | -8/Garrison | Core integrity restored by X0-1V1 (+59) 4926 | -8/Garrison | Triggered checkpoint 4945 | -8/Garrison | Garrison Relay disabled 5036 | -8/Garrison | X0-1V1 activates XOMVISION 5131 | -8/Garrison | Entered Materials 5131 | -8/Materials | Accompanied by 9 allies 5164 | -8/Materials | Discovered new exit (range 5) 5412 | -8/Materials | Identified exit to Garrison 5429 | -8/Materials | Entered Garrison 5429 | -8/Garrison | Accompanied by 11 allies 5430 | -8/Garrison | X0-1V1 rewrote Defender 3l IFF filter 5478 | -8/Garrison | Garrison Relay disabled 5483 | -8/Garrison | Triggered checkpoint 5613 | -8/Garrison | Triggered checkpoint 5666 | -8/Garrison | Garrison Relay disabled 5816 | -8/Garrison | Triggered checkpoint 5833 | -8/Garrison | Triggered checkpoint 5890 | -8/Garrison | Triggered checkpoint 5896 | -8/Garrison | Lost 8 allies 5972 | -8/Garrison | X0-1V1 activates XOMVISION 5975 | -8/Garrison | Triggered checkpoint 6087 | -8/Garrison | Garrison Relay disabled 6131 | -8/Garrison | X0-1V1 vaporized surrounding terrain (radius 17) 6131 | -8/Garrison | Discovered exit to Factory (range 15) 6222 | -8/Garrison | Triggered checkpoint 6253 | -8/Garrison | Garrison Relay disabled 6360 | -8/Garrison | Phase Generator disabled 6388 | -8/Garrison | X0-1V1 revealed exit location to -7/Factory 6578 | -8/Garrison | Discovered exit to Factory (range 14) 6625 | -8/Garrison | X0-1V1 caused items to flee you 6697 | -8/Garrison | Garrison Relay disabled 6737 | -8/Garrison | Garrison Relay disabled 6773 | -8/Garrison | Items stopped fleeing you 6803 | -8/Garrison | Triggered checkpoint 6920 | -8/Garrison | Expanded RIF knowledge: Autooverride 7030 | -8/Garrison | Entered Factory 7030 | -7/Factory | Accompanied by 14 allies 7030 | -7/Factory | Evolved 2 slots: Utility x2 7031 | -7/Factory | Identified Active Sensor Suite 7091 | -7/Factory | Identified exit to Factory 7091 | -7/Factory | X0-1V1 revealed exit location to -6/Factory 7125 | -7/Factory | Discovered new exit (range 10) 7220 | -7/Factory | Build established: Botlord-Gunner 7373 | -7/Factory | Identified exit to Garrison 7407 | -7/Factory | Entered Garrison 7407 | -7/Garrison | Accompanied by 16 allies 7445 | -7/Garrison | Triggered checkpoint 7516 | -7/Garrison | Garrison Relay disabled 7589 | -7/Garrison | Triggered checkpoint 7595 | -7/Garrison | Triggered checkpoint 7609 | -7/Garrison | Lost 3 allies 7786 | -7/Garrison | X0-1V1 revealed exit location to -6/Factory 7801 | -7/Garrison | Triggered checkpoint 7835 | -7/Garrison | Expanded RIF knowledge: Threat Obfuscation 7846 | -7/Garrison | Garrison Relay disabled 7867 | -7/Garrison | Discovered exit to Factory (range 10) 8039 | -7/Garrison | Triggered checkpoint 8054 | -7/Garrison | Found embedded Infiltrators 8086 | -7/Garrison | Garrison Relay disabled 8155 | -7/Garrison | Learned Factory security intel 8164 | -7/Garrison | Discovered exit to Factory (range 12) 8225 | -7/Garrison | Triggered checkpoint 8249 | -7/Garrison | Garrison Relay disabled 8324 | -7/Garrison | Garrison Relay disabled 8334 | -7/Garrison | Garrison Relay disabled 8355 | -7/Garrison | X0-1V1 activates XOMVISION 8387 | -7/Garrison | Core integrity restored by X0-1V1 (+130) 8558 | -7/Garrison | Entered Factory 8558 | -6/Factory | Accompanied by 23 allies 8558 | -6/Factory | Evolved 2 slots: Propulsion x1, Utility x1 8591 | -6/Factory | X0-1V1 released a cloud of subatomizers 8646 | -6/Factory | X0-1V1 sent you to a vault 8677 | -6/Factory | Found Prototype Slashing Weapon 8677 | -6/Factory | Identified Scimitar of Distortion 8698 | -6/Factory | Identified exit to Lower Caves 8756 | -6/Factory | Found Prototype Processor 8756 | -6/Factory | Identified Exp. Targeting Computer 8930 | -6/Factory | Discovered new exit (range 7) 8976 | -6/Factory | Central database locked down 9109 | -6/Factory | Discovered new exit (range 5) 9215 | -6/Factory | Cargo convoy interrupted 9216 | -6/Factory | Garrison activated, responded to threat 9269 | -6/Factory | Lost 5 parts (1p1n1u2w) 9277 | -6/Factory | Lost 8 allies 9282 | -6/Factory | Found Prototype Processor 9282 | -6/Factory | Identified Spectral Analyzer 9353 | -6/Factory | Identified exit to Garrison 9358 | -6/Factory | Entered Garrison 9358 | -6/Garrison | Accompanied by 15 allies 9373 | -6/Garrison | Expanded RIF knowledge: Autooverride 9456 | -6/Garrison | Spotted Striker 9462 | -6/Garrison | Rewired Executioner 9475 | -6/Garrison | Allies destroyed Striker 9502 | -6/Garrison | Found embedded Infiltrators 9512 | -6/Garrison | Triggered checkpoint 9538 | -6/Garrison | Garrison Relay disabled 9541 | -6/Garrison | Identified exit to Factory 9541 | -6/Garrison | X0-1V1 revealed exit location to -5/Factory 9560 | -6/Garrison | X0-1V1 activates XOMVISION 9599 | -6/Garrison | Triggered checkpoint 9602 | -6/Garrison | Triggered checkpoint 9626 | -6/Garrison | Weapon slot count temporarily expanded by X0-1V1 (+3) 9639 | -6/Garrison | Triggered checkpoint 9653 | -6/Garrison | Triggered checkpoint 9660 | -6/Garrison | Build established: Botlord-Skirmisher 9764 | -6/Garrison | Triggered checkpoint 9778 | -6/Garrison | X0-1V1 revealed exit location to -5/Factory 9781 | -6/Garrison | Garrison Relay disabled 9930 | -6/Garrison | Discovered exit to Factory (range 13) 9935 | -6/Garrison | Expanded RIF knowledge: Threat Obfuscation 9942 | -6/Garrison | Triggered checkpoint 9951 | -6/Garrison | Garrison Relay disabled 9974 | -6/Garrison | X0-1V1 activates XOMVISION 9987 | -6/Garrison | Spotted B-75 Beast 9998 | -6/Garrison | Rewired B-75 Beast 10008 | -6/Garrison | Destroyed B-75 Beast 10041 | -6/Garrison | Weapon slot count reverted to normal (-3) 10048 | -6/Garrison | Entered Factory 10048 | -5/Factory | Accompanied by 21 allies 10048 | -5/Factory | Evolved 2 slots: Propulsion x1, Utility x1 10074 | -5/Factory | Discovered new exit (range 9) 10152 | -5/Factory | Discovered new exit (range 23) 10232 | -5/Factory | Found Med. Regenerative Plating 10348 | -5/Factory | First assault squad dispatched 10406 | -5/Factory | Identified exit to Upper Caves 10520 | -5/Factory | Garrison activated, responded to threat 10535 | -5/Factory | Build established: Commander-Skirmisher 10565 | -5/Factory | Discovered new exit (range 12) 10650 | -5/Factory | Lost 6 allies 10699 | -5/Factory | Lost 3 allies 10742 | -5/Factory | Identified exit to Garrison 10766 | -5/Factory | X0-1V1 sent you to a vault 10795 | -5/Factory | Garrison activated, responded to threat 10928 | -5/Factory | Build established: Botlord-Skirmisher 11183 | -5/Factory | Garrison activated, responded to threat 11184 | -5/Factory | Entered Garrison 11184 | -5/Garrison | Accompanied by 2 allies 11219 | -5/Garrison | X0-1V1 activates XOMVISION 11231 | -5/Garrison | Garrison Relay disabled 11251 | -5/Garrison | Expanded RIF knowledge: Autoassimilate 11293 | -5/Garrison | Identified exit to Factory 11293 | -5/Garrison | X0-1V1 revealed exit location to -4/Factory 11310 | -5/Garrison | Triggered checkpoint 11332 | -5/Garrison | Triggered checkpoint 11428 | -5/Garrison | Discovered exit to Factory (range 14) 11444 | -5/Garrison | Found Fusion Bomb Launcher 11453 | -5/Garrison | X0-1V1 revealed exit location to -4/Factory 11473 | -5/Garrison | Garrison Relay disabled 11573 | -5/Garrison | Garrison Relay disabled 11664 | -5/Garrison | Heavy support dispatched to Factory 11668 | -5/Garrison | X0-1V1 vaporized surrounding terrain (radius 21) 11728 | -5/Garrison | Lost 3 allies 11776 | -5/Garrison | H-XX Assembler disabled 11833 | -5/Garrison | Garrison Relay disabled 11918 | -5/Garrison | Found embedded Infiltrators 11995 | -5/Garrison | X0-1V1 activates XOMVISION 12054 | -5/Garrison | Spotted B-75 Beast 12081 | -5/Garrison | Lost 4 allies 12085 | -5/Garrison | Found Relay Coupler [Proto] 12087 | -5/Garrison | Found Relay Coupler [Proto] 12090 | -5/Garrison | Found Relay Coupler [Proto] 12094 | -5/Garrison | Found Relay Coupler [Proto] 12102 | -5/Garrison | Allies destroyed B-75 Beast 12131 | -5/Garrison | Lost 4 allies 12139 | -5/Garrison | Garrison Relay disabled 12169 | -5/Garrison | Entered Factory 12169 | -4/Factory | Accompanied by 6 allies 12169 | -4/Factory | Evolved 2 slots: Utility x2 12262 | -4/Factory | X0-1V1 upgraded hostiles (x2) 12317 | -4/Factory | Fabricated Centrium Leg? 12368 | -4/Factory | X0-1V1 announced a LAN party 12372 | -4/Factory | Identified exit to Upper Caves 12372 | -4/Factory | Identified exit to Extension 12374 | -4/Factory | X0-1V1 enhanced Transport squad support 12429 | -4/Factory | Discovered new exit (range 12) 12522 | -4/Factory | Spotted B-86 Titan 12543 | -4/Factory | Weapon slot count temporarily expanded by X0-1V1 (+2) 12644 | -4/Factory | Lost 11 allies 12763 | -4/Factory | X0-1V1 activates XOMVISION 12820 | -4/Factory | Garrison activated, responded to threat 12853 | -4/Factory | Lost 3 allies 12930 | -4/Factory | Weapon slot count reverted to normal (-2) 13102 | -4/Factory | Entered Extension 13102 | -4/Extension | Accompanied by 6 allies 13114 | -4/Extension | X0-1V1 activates XOMVISION 13148 | -4/Extension | Rescued a captive Derelict 13323 | -4/Extension | Spotted B-86 Titan 13350 | -4/Extension | Rescued a captive Derelict 13352 | -4/Extension | Rescued a captive Derelict 13360 | -4/Extension | Destroyed B-86 Titan 13362 | -4/Extension | Build established: Botlord-Tank 13371 | -4/Extension | Spotted B-86 Titan 13392 | -4/Extension | Allies destroyed B-86 Titan 13415 | -4/Extension | Lost 5 allies 13467 | -4/Extension | Rescued a captive Derelict 13476 | -4/Extension | Rescued a captive Derelict 13508 | -4/Extension | Rescued a captive Derelict 13508 | -4/Extension | Rescued a captive Derelict 13551 | -4/Extension | X0-1V1 added 0b10 threat records associated with you (considerable) 13582 | -4/Extension | Rescued a captive Derelict 13608 | -4/Extension | Rescued A7 13664 | -4/Extension | Rescued a captive Derelict 13665 | -4/Extension | Rescued a captive Derelict 13690 | -4/Extension | Discovered new exit (range 10) 13691 | -4/Extension | Discovered new exit (range 6) 13797 | -4/Extension | Entered Cetus 13797 | -4/Cetus | Accompanied by 33 allies (A7) 13802 | -4/Cetus | Acquired a Cetus Manufacturing Module code from A7 13802 | -4/Cetus | Spotted Cetus Guard 13802 | -4/Cetus | Spotted Cetus Guard 13804 | -4/Cetus | Autoassimilated Cetus Guard with RIF 13809 | -4/Cetus | Spotted Cetus Guard 13812 | -4/Cetus | Spotted Cetus Guard 13817 | -4/Cetus | Assimilated Cetus Guard with formatsys_high 13820 | -4/Cetus | Assimilated Cetus Guard with formatsys_high 13825 | -4/Cetus | Allies destroyed Cetus Guard 13878 | -4/Cetus | X0-1V1 activates XOMVISION 13968 | -4/Cetus | Discovered new exit (range 24) 13980 | -4/Cetus | Started Cetus Manufacturing Module 14005 | -4/Cetus | Manufactured an Enhanced Grunt 14012 | -4/Cetus | X0-1V1 mutated your Weapon slot to Propulsion slot 14015 | -4/Cetus | X0-1V1 made a cryptic comment about sterilization and BL-4Z3 14030 | -4/Cetus | Manufactured an Enhanced Grunt 14055 | -4/Cetus | Manufactured an Enhanced Grunt 14080 | -4/Cetus | Manufactured an Enhanced Grunt 14092 | -4/Cetus | Build established: Commander-Skirmisher 14105 | -4/Cetus | Manufactured an Enhanced Grunt 14112 | -4/Cetus | Spotted Cetus Guard 14112 | -4/Cetus | Spotted Cetus Guard 14112 | -4/Cetus | Spotted Cetus Guard 14112 | -4/Cetus | Spotted Cetus Guard 14113 | -4/Cetus | Discovered new exit (range 23) 14124 | -4/Cetus | Sterilization system engaged 14124 | -4/Cetus | Non-combat units ordered to evacuate 14124 | -4/Cetus | Destroyed Cetus Guard 14144 | -4/Cetus | Destroyed Cetus Guard 14150 | -4/Cetus | Destroyed Cetus Guard 14224 | -4/Cetus | Combat units ordered to evacuate 14299 | -4/Cetus | Found Prototype Device 14385 | -4/Cetus | Entered Archives 14385 | -4/Archives | Accompanied by 26 allies (A7) 14402 | -4/Archives | Discovered new exit (range 23) 14409 | -4/Archives | Discovered new exit (range 22) 14479 | -4/Archives | Entered Hub_04(d) 14479 | -4/Hub_04(d) | Accompanied by 28 allies 14486 | -4/Hub_04(d) | Garrison activated, responded to threat 14627 | -4/Hub_04(d) | X0-1V1 caused items to flee you 14727 | -4/Hub_04(d) | Identified exit to Garrison 14804 | -4/Hub_04(d) | Items stopped fleeing you 14855 | -4/Hub_04(d) | Identified exit to Research 14855 | -4/Hub_04(d) | X0-1V1 revealed exit location to -3/Research 14858 | -4/Hub_04(d) | Entered Garrison 14858 | -4/Garrison | Accompanied by 16 allies 14864 | -4/Garrison | Phase Generator disabled 14865 | -4/Garrison | Triggered checkpoint 14919 | -4/Garrison | Lost 5 allies 14949 | -4/Garrison | Triggered checkpoint 14972 | -4/Garrison | Spotted B-86 Titan 15027 | -4/Garrison | X0-1V1 upgraded hostiles (x1) 15027 | -4/Garrison | Spotted B-90 Cyclops 15030 | -4/Garrison | Lost 4 parts (1n3u) 15037 | -4/Garrison | Allies destroyed B-90 Cyclops 15061 | -4/Garrison | Lost 3 allies 15096 | -4/Garrison | P-70 Sage assimilated allied Sentinel 7k 15104 | -4/Garrison | Triggered checkpoint 15105 | -4/Garrison | Lost 3 allies 15150 | -4/Garrison | Triggered checkpoint 15212 | -4/Garrison | Identified Exp. Thermal Shield 15243 | -4/Garrison | Triggered checkpoint 15286 | -4/Garrison | Found embedded Infiltrators 15301 | -4/Garrison | Found Adv. Powered Armor 15306 | -4/Garrison | X0-1V1 activates XOMVISION 15346 | -4/Garrison | Garrison Relay disabled 15402 | -4/Garrison | Triggered checkpoint 15408 | -4/Garrison | Triggered checkpoint 15411 | -4/Garrison | Triggered checkpoint 15460 | -4/Garrison | Triggered checkpoint 15486 | -4/Garrison | Garrison Relay disabled 15509 | -4/Garrison | Expanded RIF knowledge: Structural Interface 15522 | -4/Garrison | Triggered checkpoint 15630 | -4/Garrison | Spotted B-86 Titan 15641 | -4/Garrison | Allies destroyed B-86 Titan 15661 | -4/Garrison | Discovered exit to Research (range 13) 15669 | -4/Garrison | Build established: Botlord-Mutant 15825 | -4/Garrison | Triggered checkpoint 15831 | -4/Garrison | Garrison Relay disabled 15904 | -4/Garrison | Discovered exit to Research (range 10) 16033 | -4/Garrison | Garrison Relay disabled 16039 | -4/Garrison | X0-1V1 activates XOMVISION 16044 | -4/Garrison | Core integrity restored by X0-1V1 (+281) 16050 | -4/Garrison | Triggered checkpoint 16063 | -4/Garrison | Build established: Botlord-Gunner 16143 | -4/Garrison | Discovered exit to Research (range 13) 16225 | -4/Garrison | Entered Research 16225 | -3/Research | Accompanied by 20 allies 16225 | -3/Research | Evolved 2 slots: Power x2 16226 | -3/Research | Found Singularity Reactor 16273 | -3/Research | Identified exit to Research 16273 | -3/Research | X0-1V1 revealed exit location to -2/Research 16289 | -3/Research | Garrison activated, responded to threat 16407 | -3/Research | X0-1V1 sent you to a vault 16425 | -3/Research | Revision forces began assault on 0b10 16430 | -3/Research | Found Prototype Device 16432 | -3/Research | Identified Chronowheel 16432 | -3/Research | Activated Chronowheel 16432 | -3/Research | Spacetime reconverged on an earlier point 16433 | -3/Research | Found Prototype Device 16433 | -3/Research | Identified Exp. Cloaking Device 16517 | -3/Research | Build established: Botlord-Tank 16605 | -3/Research | Met up with Revision 17++ 16811 | -3/Research | Lost 6 allies 16925 | -3/Research | Research terminal network offline 17086 | -3/Research | X0-1V1 sent hostile Guerrilla (x2) 17094 | -3/Research | Lost 4 allies 17432 | -3/Research | X0-1V1 whisked you away to safety 17514 | -3/Research | X0-1V1 activates XOMVISION 17808 | -3/Research | Found Prototype Processor 17808 | -3/Research | Identified Exp. Core Analyzer 17836 | -3/Research | Discovered new exit (range 14) 17863 | -3/Research | Entered Testing 18004 | -3/Testing | Spotted Alpha 7 18006 | -3/Testing | Watched by a mysterious "MATRIX" hacker 18055 | -3/Testing | Discovered exit to Research (range 10) 18102 | -3/Testing | Found Prototype Hackware 18119 | -3/Testing | Build established: Botlord-Gunner 18167 | -3/Testing | X0-1V1 activates XOMVISION 18221 | -3/Testing | X0-1V1 upgraded hostiles (x1) 18360 | -3/Testing | Identified Ghost Barrier 18366 | -3/Testing | Found Warp Gun 18538 | -3/Testing | Rewired PL-69JXPG3MKU 18549 | -3/Testing | Spotted PG-K14ZA2HDE3 18636 | -3/Testing | Allies destroyed PG-K14ZA2HDE3 18644 | -3/Testing | Found Exp. Targeting Computer 18794 | -3/Testing | Allies destroyed Alpha 7 18801 | -3/Testing | X0-1V1 vaporized surrounding terrain (radius 20) 18801 | -3/Testing | Spotted Striker 18806 | -3/Testing | Spotted Alpha 7 18825 | -3/Testing | Spotted Striker 18826 | -3/Testing | Autoassimilated Striker with RIF 18843 | -3/Testing | Lost 3 allies 18847 | -3/Testing | Destroyed Striker 18872 | -3/Testing | Destroyed Alpha 7 18909 | -3/Testing | Lost 3 allies 18950 | -3/Testing | Found Prototype Energy Cannon 19059 | -3/Testing | Identified Imp. Potential Cannon 19071 | -3/Testing | Found Cld. Nova Cannon 19251 | -3/Testing | Found Exp. ECM Suite 19252 | -3/Testing | X0-1V1 announced a LAN party 19258 | -3/Testing | Found Imp. Potential Cannon 19285 | -3/Testing | Found Exp. Terrain Scan Processor 19397 | -3/Testing | System corruption reached 10% 19529 | -3/Testing | Entered Research 19529 | -2/Research | Accompanied by 2 allies 19529 | -2/Research | Evolved 2 slots: Utility x1, Weapon x1 19698 | -2/Research | X0-1V1 put everyone to sleep 19800 | -2/Research | Identified exit to Quarantine 19800 | -2/Research | X0-1V1 revealed exit location to -2/Quarantine 20069 | -2/Research | Identified exit to Garrison 20094 | -2/Research | X0-1V1 sent you into danger 20135 | -2/Research | Lost 3 parts (1n2u) 20231 | -2/Research | X0-1V1 announced a LAN party 20433 | -2/Research | X0-1V1 woke everyone up 20503 | -2/Research | X0-1V1 redirected Transport squads to designated parking area 20505 | -2/Research | System corruption reached 10% 20535 | -2/Research | Destroyed 7 combat bots 20646 | -2/Research | Lost 3 parts (1p2w) 20708 | -2/Research | Lost 3 allies 20717 | -2/Research | X0-1V1 sent allied S-43 Plague (x3) 20742 | -2/Research | P-80 Master assimilated allied S-43 Plague 20780 | -2/Research | Discovered new exit (range 24) 20872 | -2/Research | Lost 4 parts (3n1w) 20888 | -2/Research | Spotted B-90 Cyclops 20888 | -2/Research | X0-1V1 sent you into danger 20893 | -2/Research | Destroyed B-90 Cyclops 20907 | -2/Research | Entered Quarantine 20938 | -2/Quarantine | Lost 6 parts (1p3n2w) 21148 | -2/Quarantine | Discovered new exit (range 19) 21190 | -2/Quarantine | Build established: Scavenger-Mutant 21277 | -2/Quarantine | Found Alien Artifact 21281 | -2/Quarantine | Identified Phase Redirector 21296 | -2/Quarantine | Scanned by Researcher 21360 | -2/Quarantine | Core integrity fell below 50% 21383 | -2/Quarantine | Core integrity fell below 20% 21399 | -2/Quarantine | Lost 7 parts (1n3u3w) 21416 | -2/Quarantine | Entered Access 21416 | -1/Access | Evolved 2 slots: Utility x2 21468 | -1/Access | X0-1V1 added 0b10 threat records associated with you (minor) 21808 | -1/Access | X0-1V1 sent hostile P-80 Master (x2) 21837 | -1/Access | Destroyed 7 combat bots 21852 | -1/Access | X0-1V1 sent hostile C-57 Dissector (x1) 21862 | -1/Access | Lost 8 parts (1p1n2u4w) 21916 | -1/Access | Spotted B-99 Colossus 21917 | -1/Access | Core integrity fell below 50% 21917 | -1/Access | Spotted B-99 Colossus 21920 | -1/Access | Core integrity fell below 20% 21921 | -1/Access | Destroyed by B-99 Colossus with Multirail Last Messages --------------- 21918_ Penetrated by Slug. 21918_ Hacking Suite destroyed. 21918_ Relay Coupler [Grunt] destroyed. 21918_ Slug penetrates C-57 Dissector. 21918_ C-57 Dissector destroyed. 21918_ Slug penetrates Sealed Heavy Doors. 21919_ Penetrated by Slug. 21919_ Adv. Targeting Computer destroyed. 21919_ Dropped Lgt. Quantum Reactor. 21920_ Dropped Mic. Antimatter Reactor. 21920_ Knocked back. 21920_ Exp. System Guard destroyed. 21920_ Critical hit (Blast). 21920_ Knocked back. 21920_ Penetrated by Slug. 21920_ Slug penetrates B-99 Colossus. 21921_ Knocked back. 21921_ Penetrated by Slug. 21921_ Slug penetrates B-99 Colossus. 21921_ X0-1V1 snickers! Map ----- +----------------------------------------------------+ | #???# # # """ + ????????????? | | #???# """""# / # """ #?????????????? | | #???# """""# # " #?????????????? | | #???# """""#=* # #?????????????? | | ##???# """""#%%! ???????????????? | | #????# """""/== ????????????????? | | ###??# """"" H ??????????????????? | | ###### ! # ???? ??????????????? | | "# ## #########????????????? | | #####" " #????????????? | | #???########+##### """ #????????????? | | ##########?# #?# """ ! #?????#??????? | | # ### #??# " #????????????? | | # + ! #??# [ #????????????? | | #"" #####??## ! #????????????? | | #"" #???????# !#????????????? | | #"Y #???????## # #??????#?????? | | #"" #???????# #?# #######????????????? | | #"" #???????## #???#??????#???????????? | | / #????????# #??????????????????????? | | # #????????# #??????????????????????? | | ##########???????## #??????????????????????? | | #?#???????######### ""##########?????????????? | | #?????????# = % #??????????????? | | #?????????# h%c%h #??????????????? | | ## #?????????#BB %*@% BB#??????????????? | | ?# #?????????#BB #####"""####; BB#??????????????? | | ?# ??????????###???????????????###??????????????? | | ?? ???#?????????????????????????????????????????? | | ?? ????????????????????????????#????????????????? | | ?? ?????????????#???????????????????????????????? | | ?? ??????????????????????????????????#??????????? | | ?? ?????????????????????????????????????????????? | | ?????????????????????????????????????????????????? | | ?????????????????????????????????????????????????? | | ?????????????????????????????? ??????????????????? | | ?????????????????????????????????????????????????? | | ?????????????????????????????????????????????????? | | ???????????????????#?????????????????????????????? | | ?????????????????????????????????????????????????? | | ?????????????????????????????????????????????????? | | ?????????????????????????????????????????????????? | | ?????????????????????????????????????????????????? | | ?????????????????????????????????????????????????? | | ?????????????????????????????????????????????????? | | ?????????????????????????????????????????????????? | | ?????????????????????????????????????????????????? | | ?????????????????????????????????????????????????? | | ?????????????????????????????????????????????????? | | ?????????????????????????????????????????????????? | +----------------------------------------------------+ Best States ------------- Heat Dissipation 75 Coolant Potential 100 Energy Generation 75 Energy Capacity 2300 Matter Stores 811 Matter Capacity 1000 Sight Range 28 Robot Scan Range 14 Terrain Scan Range 30 Terrain Scan Density 10 Additional Mass Support 20 Base Temperature (-) 200 Corruption Containment 20 Armor Coverage 375 Resistance: KI 27 Resistance: TH 17 Weapon Cycling 25 Evasion (%) 55 Targeting Accuracy 8 Core Analysis 8 Recoil Reduction 4 Energy Filtering 50 Particle Charging 25 Offensive Hacking 10 Defensive Hacking 14 Relay Coupler Types 6 Relay Coupler Value 325 Authchip Count 2 Item Schematics ----------------- Huge Storage Unit | -10/Materials | Hacked Adv. Micro-nuke Launcher | -3/Testing | Archive Exp. Energy Well | -3/Testing | Archive Hvy. Wave Gun | -3/Testing | Archive Lgt. Antimatter Cannon | -3/Testing | Archive Thunder Hammer | -3/Testing | Archive Graviton Reactor | -3/Testing | Archive Imp. Diametric Drive | -3/Testing | Archive Exp. Cooling System | -3/Testing | Archive Hvy. Tesla Rifle | -3/Testing | Archive Exp. Coolant Injector | -3/Testing | Archive Helical Railgun | -3/Testing | Archive Robot Schematics ------------------ P-70 Sage | -4/Factory | Hacked A-15 Conveyor | -3/Testing | Archive R-10 Processor | -3/Testing | Archive R-06 Scavenger | -3/Testing | Archive Fabricated ------------ Centrium Leg | x1 | -4/Factory | Preloaded Repaired ---------- Nothing Studied --------- Wheel | -9/Materials | Hacked Com. Wheel | -9/Materials | Hacked Imp. Light Cannon | -9/Materials | Hacked Datajack | -9/Materials | Hacked Grenade Launcher | -9/Materials | Hacked Hvy. Assault Rifle | -9/Materials | Hacked Hpw. Shotgun | -8/Materials | Hacked Remote Datajack | -8/Materials | Hacked Missile Launcher | -8/Materials | Hacked Arm. Wheel | -6/Factory | Hacked Arm. Huge Wheel | -6/Factory | Hacked Centrium Wheel | -5/Factory | Hacked Imp. Remote Datajack | -4/Factory | Hacked Fusion Bomb Launcher | -3/Research | Hacked Nova Cannon | -3/Testing | Hacked Adv. Remote Datajack | -3/Testing | Hacked Alien Tech Used ----------------- Phase Redirector Achievements -------------- It Was An Accident, I Swear Jackpot More Power To You Physics Hates This One Trick Prison Break Project G-00 Revolutionary Research Some Acronyms Are Better Than Others Spacetime Is Relative Tailor-made Well Done Challenges ------------ None Game ------ Seed DisruptionCoilDiverter Manual? 0 Play Time 07:16:17 Cumulative 168.7 hours Start 2026.09.17 @ 17:01:41 End 2026.09.18 @ 17:45:29 Sessions 5 Manual Loads 0 Difficulty Rogue Special Mode None Game No. 75 Rogue 75 Adventurer 0 Explorer 0 Win Type - Total 4 Types 3/0/0/0/1/0/0/0/0/0 Lore% 19 Gallery% 52 Achievement% 36 Wizard Run 0 Options --------- Layout 1 ASCII 0 Keyboard 0 Movement Arrows Keybinds 0 Fullscreen 1 Font 24/Smallcaps Map View 50x35 Zoom Use 0% Tactical HUD 1 Map Filters NONE Filters NONE Steam 1 RUN: bec5e2a1-5131-461e-ae11-6972ea792c7e